Workbook
Name OLE_LINK1: 'Agency Approval'!#REF!
Name OLE_LINK2: 'Agency Approval'!#REF!
Name OLE_LINK4: 'General Instructions'!#REF!

Sheet General Instructions
B1: Uniform Grant Budget Modification Template -- General Instructions
B3: This form is used to make modifications to previously approved grant budgets. Applicants should submit budget modifications based upon the total estimated costs for the project including all funding sources. Pay attention to applicable program specific instructions, if attached. The applicant organization should refer to 2 CFR 200, “Uniform Administrative Requirements, Cost Principles, and Audit Requirements for Federal Awards” cited within these instructions.
B5: You must consult with your Business Office prior to submitting this form for any award restrictions, limitations or requirements when filling out the narrative and Uniform Budget Modification Template.
B6: Section A – Budget Summary
B7: STATE OF ILLINOIS FUNDS
B8: Enter the organization information at the top of the page and the most current approved budget amounts in lines 1 - 15 and 17 in column C (Current Approved Budget). Columns D (Modification Amount) & E (New Budget Amount) will be automatically populated based on the detail you enter in section C.
B9: STATE OF ILLINOIS GRANT FUNDS
B10: Provide a total requested State of Illinois Grant amount for each year in the Revenue portion of Section A. The amount entered in Line (a) will equal the total amount budgeted on Line 18 of Section A.
B11: BUDGET SUMMARY – STATE OF ILLINOIS FUNDS
B12: Please use detail worksheet and narrative section for further descriptions and explanations of budgetary line items. ONLY ENTER THE CHANGES NEEDED IN THE DETAIL FOR
B13: EACH BUDGET LINE.
B15: Section A Indirect Cost Information: (This information should be completed by the applicant’s Business Office). Check the appropriate box for the type of indirect cost rate previously selected on the most recent budget modification. unless part of the modification is due to changing the type of indirect you are going to claim.
... B89: (e) The Federal/State awarding agency may, at its option, restrict the transfer of funds among direct cost categories or programs, functions and activities for Federal/State awards in which the Federal/State share of the project exceeds the Simplified Acquisition Threshold and the cumulative amount of such transfers exceeds or is expected to exceed 10 percent or $1,000 per detail line item, whichever is greater of the total budget as last approved by the Federal/State awarding agency. The Federal/State awarding agency cannot permit a transfer that would cause any Federal/State appropriation to be used for purposes other than those consistent with the appropriation.

Sheet Section A
A1: STATE OF ILLINOIS | B1: UNIFORM GRANT BUDGET MODIFICATION TEMPLATE | E1: Commerce & Economic Opportunity
A2: Organization Name: | B2: GRANTEE | C2: UEI# | E2: NOFO # | G2: Please type in the light blue highlighted cells
A3: CSFA # | B3: 420-30-2614 | C3: CSFA Description: | D3: Illinois Works Pre-Apprenticeship Program | E3: Fiscal Year: | F3: 2027
A4: S E C T I O N A -- STATE OF ILLINOIS FUNDS | E4: Grant #
A5: Revenues | E5: TOTAL REVENUE
A6: (a). State of Illinois Grant Amount Requested | E6: =+F38 -> 559313.1
A7: BUDGET SUMMARY STATE OF ILLINOIS FUNDS
A8: Budget Expenditure Categories | C8: OMB Uniform Guidance Federal Awards Reference 2 CFR 200 | D8: Current Approved Budget | E8: Modification Amount | F8: New Budget Amount
A9: 1. Personnel (Salaries & Wages) | C9: 200.43 | D9: 167400 | E9: =F9-D9 -> 0 | F9: =Personnel!G136 -> 167400 | G9: type Current Approved Budget in the light blue highlighted cells
A10: 2. Fringe Benefits | C10: 200.431 | D10: 28709.1 | E10: =F10-D10 -> 0 | F10: ='Fringe Benefits'!E135 -> 28709.1
A11: 3. Travel | C11: 200.474 | D11: 6784 | E11: =F11-D11 -> 0 | F11: =Travel!G135 -> 6784
A12: 4. Equipment | C12: 200.439 | E12: =F12-D12 -> 0 | F12: =Equipment!D135 -> 0
A13: 5. Supplies | C13: 200.94 | D13: 27225 | E13: =F13-D13 -> 0 | F13: =Supplies!D134 -> 27225
A14: 6. Contractual Services & Subawards | C14: 200.318 & 200.92 | D14: 31500 | E14: =F14-D14 -> 3000 | F14: ='Contractual Services'!C137 -> 34500
A15: 7. Consultant (Professional Services) | C15: 200.459 | E15: =F15-D15 -> 0 | F15: =Consultant!G134+Consultant!G407 -> 0
A16: 8. Construction | E16: =F16-D16 -> 0 | F16: =Construction!C134 -> 0
A17: 9. Occupancy (Rent & Utilities) | C17: 200.465 | D17: 72000 | E17: =F17-D17 -> 0 | F17: =Occupancy!F135 -> 72000
A18: 10. Research & Development (R&D) | C18: 200.87 | E18: =F18-D18 -> 0 | F18: ='R & D'!C134 -> 0
A19: 11. Telecommunications | D19: 1218 | E19: =F19-D19 -> 0 | F19: =Telecommunications!F135 -> 1218
A20: 12. Training & Education | C20: 200.472 | D20: 4500 | E20: =F20-D20 -> 1500 | F20: ='Training & Education'!F135 -> 6000
A21: 13. Direct Administrative costs | C21: 200.413 ( c) | E21: =F21-D21 -> 0 | F21: ='Direct Administrative'!G135 -> 0
A22: 14. Miscellaneous Costs | D22: 169550 | E22: =F22-D22 -> 0 | F22: ='Miscellaneous (other) Costs'!F135 -> 169550
A23: =+'15A'!$A$2&'15A'!$B$2 -> 15A.GRANT EXCLUSIVE LINE ITEM
A24: =+'15B'!$A$2&'15B'!$B$2 -> 15B.GRANT EXCLUSIVE LINE ITEM
A25: =+'15C'!$A$2&'15C'!$B$2 -> 15C.GRANT EXCLUSIVE LINE ITEM
A26: =+'15D'!$A$2&'15D'!$B$2 -> 15D.GRANT EXCLUSIVE LINE ITEM
A27: =+'15E'!$A$2&'15E'!$B$2 -> 15E.GRANT EXCLUSIVE LINE ITEM
A28: =+'15F'!$A$2&'15F'!$B$2 -> 15F.GRANT EXCLUSIVE LINE ITEM
A29: =+'15G'!$A$2&'15G'!$B$2 -> 15G.GRANT EXCLUSIVE LINE ITEM
A30: =+'15H'!$A$2&'15H'!$B$2 -> 15H.GRANT EXCLUSIVE LINE ITEM
A31: =+'15I'!$A$2&'15I'!$B$2 -> 15I.GRANT EXCLUSIVE LINE ITEM
A32: =+'15J'!$A$2&'15J'!$B$2 -> 15J.GRANT EXCLUSIVE LINE ITEM
A33: =+'15K'!$A$2&'15K'!$B$2 -> 15K.GRANT EXCLUSIVE LINE ITEM
A34: 16. Total Direct Costs (lines 1-15) | C34: 200.413 | D34: =SUBTOTAL(109,D9:D33) -> 508886.1 | E34: =SUBTOTAL(109,E9:E33) -> 4500 | F34: =+D34+E34 -> 513386.1
A35: 17. Indirect Costs* (see below) | C35: 200.414 | D35: 38136.76 | E35: =+F35-D35 -> 7790.24 | F35: =+'Indirect Costs'!D8 -> 45927
A36: Rate:
A37: Base: | B37: =SUBTOTAL(109,'Indirect Costs'!B4:B7) -> 315000
A38: 18. Total Costs State Grant Funds (16 &17) | D38: =(D34+D35) -> 547022.86 | E38: =(E34+E35) -> 12290.24 | F38: =+E38+D38 -> 559313.1

Sheet ICI
B1: Organization Name: | F1: =+'Section A'!B2 -> GRANTEE | M1: NOFO # | O1: =+'Section A'!F2 -> 0
B2: SECTION - A (continued) Indirect Cost Rate Information
C3: If your organization is requesting reimbursement for indirect costs on line 17 of the Budget Summary, please select one of the following options.
B5: 1) | E5: Our Organization receives direct Federal funding and currently has a Negotiated Indirect Cost Rate Agreement (NICRA) with our Federal Cognizant Agency. A copy of this agreement will be provided to the State of Illinois’ Indirect Cost Unit for review and documentation before reimbursement is allowed. This NICRA will be accepted by all State of Illinois Agencies up to any statutory, rule-based or programmatic restrictions or limitations. | T5: To select an option - highlight the box and drop down the shape fill box on the drawing tools ribbon. you can either select a fill color or you can fill with texture, choose more textures and pick a checkmark from clipart.
E6: NOTE: (If this option is selected, please provide basic Negotiated Indirect Cost Rate Agreement information in area designated below)
B8: Your Organization may not have a Federally Negotiated Indirect Cost Rate Agreement. Therefore, in order for your Organization to be reimbursed for Indirect Costs from the State of Illinois, your Organization must either: | T8: Complete the Negotiated Indirect Cost Rate Agreement information below if Option (1) or (2a) is selected
C9: A. | D9: Negotiate an Indirect Cost Rate with the State of Illinois’ Indirect Cost Unit with guidance from your State Cognizant Agency on an annual basis.
C10: B. | D10: Elect to use the de minimis rate of 15% modified total direct cost (MTDC) which may be used indefinitely on State of Illinois Awards.
C11: C. | D11: Use a Restricted Rate designated by programmatic or statutory policy. (See Notice of Funding Opportunity for Restricted Rate Programs)
B13: 2a) | E13: Our Organization currently has a Negotiated Indirect Cost Rate Agreement with the State of Illinois that will be accepted by all State of Illinois Agencies up to any statutory, rule-based or programmatic restrictions or limitations. Our Organization is required to submit a new Indirect Cost Rate Proposal to the Indirect Cost Unit within six (6) months after the close of each fiscal year (2 CFR 200 Appendix IV (C)(2)(c).
E14: NOTE: (If this option is selected, please provide basic Indirect Cost Rate information in area designated below)
B15: 2b) | E15: Our Organization currently does not have a Negotiated Indirect Cost Rate Agreement with the State of Illinois. Our Organization will submit our initial Indirect Cost Rate Proposal (ICRP) immediately after our Organization is advised that the State award will be made and, in no event, later than three (3) months after the effective date of the State award (2 CFR 200 Appendix IV (C)(2)(b). The initial ICRP will be sent to the State of Illinois’ Indirect Cost Unit.
E16: NOTE: (Check with your State of Illinois Agency for information regarding reimbursement of indirect costs while your proposal is being negotiated)
B18: 3) | E18: Our Organization has never received a Negotiated Indirect Cost Rate Agreement from either the Federal government or the State of Illinois and elects to charge the de minimis rate of 15% modified total direct cost (MTDC) which may be used indefinitely on State of Illinois awards (2 CFR 200.414 (c)(4)(f) & (200.68).
E19: NOTE: (Your Organization must be eligible, see 2 CFR 200.414 (f), and submit documentation on the calculation of MTDC within your Budget Narrative under Indirect Costs)
B21: 4) | E21: For Restricted Rate Programs (check one) -- Our Organization is using a restricted indirect cost rate that:
E22: _____ | F22: Is included as a “Special Indirect Cost Rate” in our NICRA (2 CFR 200Appendix IV (5) Or;
E23: _____ | F23: Complies with other statutory policies (please specify):
E24: The Restricted Indirect Cost Rate is _________%
B26: 5) | E26: No reimbursement of Indirect Cost is being requested. (Please consult your program office regarding possible match requirements)
B29: Basic Negotiated Indirect Cost Rate Agreement information if Option (1) or (2a) is selected | G29: Period Covered by the NICRA: From: | K29: To: | O29: (mm/dd/yyyy)
G30: Approving Federal/State agency (please specify):
G31: The Indirect Cost Rate is: | I31: % | J31: The Distribution Base is:

Sheet Section B
A1: =+'Section A'!A1 -> STATE OF ILLINOIS | B1: =+'Section A'!B1:D1 -> UNIFORM GRANT BUDGET MODIFICATION TEMPLATE | E1: =+'Section A'!E1 -> Commerce & Economic Opportunity | F1: content in rows 1 to 4 come from Section A
A2: ="Organization Name: "&'Section A'!B2 -> Organization Name: GRANTEE | B2: ="NOFO # "&'Section A'!F2 -> NOFO # | D2: ="Fiscal Year: "&'Section A'!F3 -> Fiscal Year: 2027
A3: S E C T I O N B -- NON STATE OF ILLINOIS FUNDS | D3: ="Grant # "&'Section A'!F4 -> Grant #
A4: Revenues | D4: TOTAL REVENUE
A5: Grantee Match Requirement ________ % (Agency to populate)
A6: (b). -Cash | D6: 0
A7: (c). -Non-cash | D7: 0
A8: (d). Other Funding & Contributions | D8: 0
A9: NON-STATE Funds Total | D9: =(D6+D7+D8) -> 0
A10: BUDGET SUMMARY NON-STATE OF ILLINOIS FUNDS
A11: Budget Expenditure Categories | B11: OMB Uniform Guidance Federal Awards Reference 2 CFR 200 | C11: Current Approved Budget | D11: Modification Amount | E11: New Budget Amount
A12: 1. Personnel (Salaries & Wages) | B12: 200.43 | D12: =E12-C12 -> 0 | E12: =Personnel!G268 -> 0 | F12: type Current Approved Budget in the light blue highlighted cells
A13: 2. Fringe Benefits | B13: 200.431 | D13: =E13-C13 -> 0 | E13: ='Fringe Benefits'!E267 -> 0
A14: 3. Travel | B14: 200.474 | D14: =E14-C14 -> 0 | E14: =Travel!G267 -> 0
A15: 4. Equipment | B15: 200.439 | D15: =E15-C15 -> 0 | E15: =Equipment!D267 -> 0
A16: 5. Supplies | B16: 200.94 | D16: =E16-C16 -> 0 | E16: =Supplies!D266 -> 0
A17: 6. Contractual Services & Subawards | B17: 200.318 & 200.92 | D17: =E17-C17 -> 0 | E17: ='Contractual Services'!C269 -> 0
A18: 7. Consultant (Professional Services) | B18: 200.459 | D18: =E18-C18 -> 0 | E18: =Consultant!G266+Consultant!G539 -> 0
A19: 8. Construction | D19: =E19-C19 -> 0 | E19: =Construction!C266 -> 0
A20: 9. Occupancy (Rent & Utilities) | B20: 200.465 | D20: =E20-C20 -> 0 | E20: =Occupancy!F267 -> 0
A21: 10. Research & Development (R&D) | B21: 200.87 | D21: =E21-C21 -> 0 | E21: ='R & D'!C266 -> 0
A22: 11. Telecommunications | D22: =E22-C22 -> 0 | E22: =Telecommunications!F267 -> 0
A23: 12. Training & Education | B23: 200.472 | D23: =E23-C23 -> 0 | E23: ='Training & Education'!F267 -> 0
A24: 13. Direct Administrative costs | B24: 200.413 ( c) | D24: =E24-C24 -> 0 | E24: ='Direct Administrative'!G267 -> 0
A25: 14. Miscellaneous Costs | D25: =E25-C25 -> 0 | E25: ='Miscellaneous (other) Costs'!F267 -> 0
A26: =+'15A'!$A$2&'15A'!$B$2 -> 15A.GRANT EXCLUSIVE LINE ITEM
A27: =+'15B'!$A$2&'15B'!$B$2 -> 15B.GRANT EXCLUSIVE LINE ITEM
A28: =+'15C'!$A$2&'15C'!$B$2 -> 15C.GRANT EXCLUSIVE LINE ITEM
A29: =+'15D'!$A$2&'15D'!$B$2 -> 15D.GRANT EXCLUSIVE LINE ITEM
A30: =+'15E'!$A$2&'15E'!$B$2 -> 15E.GRANT EXCLUSIVE LINE ITEM
A31: =+'15F'!$A$2&'15F'!$B$2 -> 15F.GRANT EXCLUSIVE LINE ITEM
A32: =+'15G'!$A$2&'15G'!$B$2 -> 15G.GRANT EXCLUSIVE LINE ITEM
A33: =+'15H'!$A$2&'15H'!$B$2 -> 15H.GRANT EXCLUSIVE LINE ITEM
A34: =+'15I'!$A$2&'15I'!$B$2 -> 15I.GRANT EXCLUSIVE LINE ITEM
A35: =+'15J'!$A$2&'15J'!$B$2 -> 15J.GRANT EXCLUSIVE LINE ITEM
A36: =+'15K'!$A$2&'15K'!$B$2 -> 15K.GRANT EXCLUSIVE LINE ITEM
A37: 16. Total Direct Costs (lines 1-15) | B37: 200.413 | C37: =SUBTOTAL(109,C12:C36) -> 0 | D37: =SUBTOTAL(109,D12:D36) -> 0 | E37: =+C37+D37 -> 0
A38: 17. Indirect Costs* (see below) | B38: 200.414 | C38: 0 | D38: =+E38-C38 -> 0 | E38: =+'Indirect Costs'!D14 -> 0
A39: Rate %: | C39: Base: | D39: =+'Indirect Costs'!B8+'Indirect Costs'!B9 -> 0
A40: 18. Total Costs NON -State Grant Funds (16 &17) | C40: =(C37+C38) -> 0 | D40: =+D37+D38 -> 0 | E40: =+E37+E38 -> 0

Sheet Certification 
A1: CERTIFICATION | D1: STATE OF ILLINOIS UNIFORM GRANT BUDGET TEMPLATE | G1: AGENCY: Commerce & Economic Opportunity
A2: =+'Section B'!A2 -> Organization Name: GRANTEE | D2: ="CSFA Description: "&'Section A'!D3 -> CSFA Description: Illinois Works Pre-Apprenticeship Program | G2: ="NOFO # "&'Section A'!F2 -> NOFO #
A3: ="CSFA #: "&'Section A'!B3 -> CSFA #: 420-30-2614 | D3: ="UEI # "&'Section A'!D2 -> UEI # | G3: ="Fiscal Year(s): "&'Section A'!F3 -> Fiscal Year(s): 2027
A5: (2 CFR 200.415)
A6: “By signing this report, I certify to the best of my knowledge and belief that the report is true, complete, and accurate and that any false, fictitious, or fraudulent information or the omission of any material fact, could result in the immediate termination of my grant award(s).
A11: Institution/Organization | E11: Institution/Organization
A14: Signature | E14: Signature
A17: Name of Official | E17: Name of Official
A20: Title | E20: Title
A21: Chief Financial Officer (or equivalent) | E21: Executive Director (or equivalent)
A23: Date of Execution | E23: Date of Execution
A27: Note: The State awarding agency may change required signers based on the grantee’s organizational structure. The required signers must have the authority to enter into contractual agreements on behalf of the organization.
B29: Unilateral Modification/Waiver, no grantee signature required.

Sheet Personnel
A1: Section C - Budget Worksheet & Narrative | G1: =+'Section A'!B2 -> GRANTEE | J1: ENTER NEW BUDGET AMOUNT IN THIS SHEET, NOT THE MODIFICATION AMOUNT
A2: 1). Personnel (Salaries & Wages) (2 CFR 200.430)--List each position by title and name of employee, if available. Show the annual salary rate and the percentage of time to be devoted to the project and length of time working on the project . Compensation paid for employees engaged in grant activities must be consistent with that paid for similar work within the applicant organization. Include a description of the responsibilities and duties of each position in relationship to fulfilling the project goals and objectives in the narrative space provided below. Also, provide a justification and description of each position (including vacant positions). Relate each position specifically to program objectives. Personnel cannot exceed 100% of their time on all active projects.
A5: Name | B5: Position(s) | C5: Salary or Wage | D5: Basis (Yr./Mo./Hr.) | E5: % of Time | F5: Length of time | G5: Personnel Cost | H5: Filter | J5: Length of time=# of units of Basis
A6: PY2026 Joe Smith Program Administrator $60,000.00 Yr 10% 1 $6,000.00 Jane Doe Outreach & Recruitment Coordinator $4,000.00 Mo 45% 12 $21,600.00 Mike Johnson Wraparound Services Coordinator $4,500.00 Mo 30% 12 $16,200.00 Sarah Houston Student Support Services Coordinator $4,000.00 Mo 35% 12 $16,800.00 Frank Thompson Transition Services Coordinator $4,000.00 Mo 100% 12 $48,000.00 Joe White Data Entry Coordinator $4,000.00 Mo 100% 12 $48,000.00 Amy Jefferson Instructor $4,500.00 Mo 20% 12 $10,800.00 | G6: =ROUND(C6*E6*F6,2) -> 0 | H6: state
G7: =ROUND(C7*E7*F7,2) -> 0 | H7: state
A8: PY2027 | G8: =ROUND(C8*E8*F8,2) -> 0 | H8: state
A9: Joe Smith | B9: Program Administrator | C9: 5000 | D9: Mo | E9: 0.1 | F9: 12 | G9: =ROUND(C9*E9*F9,2) -> 6000 | H9: state
A10: Jane Doe | B10: Outreach & Recruitment Coordinator | C10: 4000 | D10: Mo | E10: 0.45 | F10: 12 | G10: =ROUND(C10*E10*F10,2) -> 21600 | H10: state
A11: Mike Johnson | B11: Wraparound Services Coordinator | C11: 4500 | D11: Mo | E11: 0.3 | F11: 12 | G11: =ROUND(C11*E11*F11,2) -> 16200 | H11: state
A12: Sarah Houston | B12: Student Support Services Coordinator | C12: 4000 | D12: Mo | E12: 0.35 | F12: 12 | G12: =ROUND(C12*E12*F12,2) -> 16800 | H12: state
A13: Frank Thompson | B13: Transition Services Coordinator | C13: 4000 | D13: Mo | E13: 1 | F13: 12 | G13: =ROUND(C13*E13*F13,2) -> 48000 | H13: state
A14: Joe White | B14: Data Entry Coordinator | C14: 4000 | D14: Mo | E14: 1 | F14: 12 | G14: =ROUND(C14*E14*F14,2) -> 48000 | H14: state
A15: Amy Jefferson | B15: Instructor | C15: 4500 | D15: Mo | E15: 0.2 | F15: 12 | G15: =ROUND(C15*E15*F15,2) -> 10800 | H15: state
G16: =ROUND(C16*E16*F16,2) -> 0 | H16: state
G17: =ROUND(C17*E17*F17,2) -> 0 | H17: state
G18: =ROUND(C18*E18*F18,2) -> 0 | H18: state
G19: =ROUND(C19*E19*F19,2) -> 0 | H19: state
G20: =ROUND(C20*E20*F20,2) -> 0 | H20: state
G21: =ROUND(C21*E21*F21,2) -> 0 | H21: state
G22: =ROUND(C22*E22*F22,2) -> 0 | H22: state
G23: =ROUND(C23*E23*F23,2) -> 0 | H23: state
G24: =ROUND(C24*E24*F24,2) -> 0 | H24: state
G25: =ROUND(C25*E25*F25,2) -> 0 | H25: state
G26: =ROUND(C26*E26*F26,2) -> 0 | H26: state
G27: =ROUND(C27*E27*F27,2) -> 0 | H27: state
... G135: =ROUND(C135*E135*F135,2) -> 0 | H135: state
F136: State Total | G136: =ROUND(SUBTOTAL(109,G6:G135),2) -> 167400 | H136: state | J136: If you need to additional rows, there are rows you can unhide
H137: non-state
G138: =ROUND(C138*E138*F138,2) -> 0 | H138: non-state
G139: =ROUND(C139*E139*F139,2) -> 0 | H139: non-state
G140: =ROUND(C140*E140*F140,2) -> 0 | H140: non-state
G141: =ROUND(C141*E141*F141,2) -> 0 | H141: non-state
G142: =ROUND(C142*E142*F142,2) -> 0 | H142: non-state
G143: =ROUND(C143*E143*F143,2) -> 0 | H143: non-state
G144: =ROUND(C144*E144*F144,2) -> 0 | H144: non-state
G145: =ROUND(C145*E145*F145,2) -> 0 | H145: non-state
G146: =ROUND(C146*E146*F146,2) -> 0 | H146: non-state
G147: =ROUND(C147*E147*F147,2) -> 0 | H147: non-state
G148: =ROUND(C148*E148*F148,2) -> 0 | H148: non-state
G149: =ROUND(C149*E149*F149,2) -> 0 | H149: non-state
... G267: =ROUND(C267*E267*F267,2) -> 0 | H267: non-state
F268: NON-State Total | G268: =ROUND(SUBTOTAL(109,G137:G267),2) -> 0 | H268: non-state | J268: If you need to additional rows, there are rows you can unhide
H269: keep
F270: Total Personnel | G270: =+G268+G136 -> 167400 | H270: keep | J270: This rows adds State & Non-State Totals
H271: keep
A272: Personnel Narrative (State): | H272: state | J272: Give a brief description of items that you are claiming
A273: Program Administrator, Outreach & Recruitment Coordinator, Wraparound Services Coordinator, Student Support Services Coordinator, Transition Services Coordinator, Data Entry Coordinator, and Instructor will fulfill the positions as described in Role Definitions of the ILWPP Grantee Manual. or Program Administrator - Responsible for program compliance and ensuring that performance metrics are met and required reporting is done, oversees program operations, onboards staff, and monitors performance of other program roles. Outreach and Recruitment Coordinator (ORC) - Secures a constant flow of leads for the program, conducts pre-screen assessments, ensures program applications are completed, and conducts, along with other team members, standardized interviews. Wrap-around Service Coordinator (WSC) - Responsible for non-academic supports beginning with the Wrap-Around Service Assessment during Intake. This role will complete the assessment, set up necessary services, and work with the Academic Support Specialist to offer additional supports if participants begin to struggle academically, if needed. The WSC will also source from outside providers and partners other needed support services and refer participants to those services, if needed. Student Support Services Coordinator (SSSC) - Responsible for the academic needs of students, specifically the implementation of Student Support Services, participant progress reports, action plans, monitoring attendance and academic performance, hosting make-up sessions or post-assessment retakes, and coordinating tutoring services for participants. Transition Services Coordinator (TSC) (This role must be performed by a dedicated staff member (full-time for larger programs and half-of-full-time for smaller programs)). - Responsible for ensuring the Career Assessments are completed and individualized career plans are created in coordination with other program staff including the creation of resumes, and the delivery of career services such as mock interviews, and assistance with completing apprenticeship applications, among others. The TSC also works with employers, DOL-registered apprenticeship programs, and other partners to ensure the timely and successful transition of program graduates. The TSC also conducts the required post-program proactive follow-up of graduates. The TSC will work with the ILW Career Services Team to expand outreach and continue Career Plans. Data Entry Coordinator (DEC) - Responsible for ensuring timely reporting of program data in IWRS by data entry staff. Program data includes participant information, programmatic and service data, outcome metrics, and verifying data accuracy, among others. Instructor - Responsible for classroom (other than contracted OSHA 10, First Aid/CPR, and Math training), construction lab, and worksite training. The Instructor is also responsible for providing make-up sessions, make-up tests and tutoring. Executive Director - Overall management and adminsitration of the organization. Oversees all fiscal and programmatic elements of the grant. | H273: state | J273: To add information on a new line, hold the Alt key and hit Enter. To change the row height, right click on the row number off to the left of the spreadsheet, then click on Row Height
H274: non-state
A275: Personnel Narrative (Non-State) i.e. "Match" or "Other Funding" | H275: non-state | J275: Give a brief description of items that you are claiming
H276: non-state | J276: To add information on a new line, hold the Alt key and hit Enter. To change the row height, right click on the row number off to the left of the spreadsheet, then click on Row Height

Sheet Fringe Benefits
A1: Section C - Budget Worksheet & Narrative | E1: =+'Section A'!B2 -> GRANTEE | H1: ENTER NEW BUDGET AMOUNT IN THIS SHEET, NOT THE MODIFICATION AMOUNT
A2: 2). Fringe Benefits (2 CFR 200.431)--Fringe benefits should be based on actual known costs or an established formula. Fringe benefits are for the personnel listed in category (1) direct salaries and wages, and only for the percentage of time devoted to the project. Provide the fringe benefit rate used and a clear description of how the computation of fringe benefits was done. Provide both the annual (for multiyear awards) and total. If a fringe benefit rate is not used, show how the fringe benefits were computed for each position. The budget justification should be reflected in the budget description. Elements that comprise fringe benefits should be indicated.
A4: Name | B4: Position(s) | C4: Base | D4: Rate | E4: Fringe Benefit Cost | F4: Filter
A5: PY2026 Joe Smith Program Administrator $6,000.00 17.15% $1,029.00 Jane Doe Outreach & Recruitment Coordinator $21,600.00 17.15% $3,704.40 Mike Johnson Wraparound Services Coordinator $16,200.00 17.15% $2,778.30 Sarah Houston Student Support Servcies Coordinator $16,800.00 17.15% $2,881.20 Frank Thompson Transition Services Coordinator $48,000.00 17.15% $8,232.00 Joe White Data Entry Coordinator $48,000.00 17.15% $8,232.00 Amy Jefferson Instructor $10,800.00 17.15% $1,852.20 | E5: =ROUND(C5*D5,2) -> 0 | F5: state
E6: =ROUND(C6*D6,2) -> 0 | F6: state
A7: PY2027 | E7: =ROUND(C7*D7,2) -> 0 | F7: state
A8: Joe Smith | B8: Program Administrator | C8: 6000 | D8: 0.1715 | E8: =ROUND(C8*D8,2) -> 1029 | F8: state
A9: Jane Doe | B9: Outreach & Recruitment Coordinator | C9: 21600 | D9: 0.1715 | E9: =ROUND(C9*D9,2) -> 3704.4 | F9: state
A10: Mike Johnson | B10: Wraparound Services Coordinator | C10: 16200 | D10: 0.1715 | E10: =ROUND(C10*D10,2) -> 2778.3 | F10: state
A11: Sarah Houston | B11: Student Support Servcies Coordinator | C11: 16800 | D11: 0.1715 | E11: =ROUND(C11*D11,2) -> 2881.2 | F11: state
A12: Frank Thompson | B12: Transition Services Coordinator | C12: 48000 | D12: 0.1715 | E12: =ROUND(C12*D12,2) -> 8232 | F12: state
A13: Joe White | B13: Data Entry Coordinator | C13: 48000 | D13: 0.1715 | E13: =ROUND(C13*D13,2) -> 8232 | F13: state
A14: Amy Jefferson | B14: Instructor | C14: 10800 | D14: 0.1715 | E14: =ROUND(C14*D14,2) -> 1852.2 | F14: state
E15: =ROUND(C15*D15,2) -> 0 | F15: state
E16: =ROUND(C16*D16,2) -> 0 | F16: state
E17: =ROUND(C17*D17,2) -> 0 | F17: state
E18: =ROUND(C18*D18,2) -> 0 | F18: state
E19: =ROUND(C19*D19,2) -> 0 | F19: state
E20: =ROUND(C20*D20,2) -> 0 | F20: state
E21: =ROUND(C21*D21,2) -> 0 | F21: state
E22: =ROUND(C22*D22,2) -> 0 | F22: state
E23: =ROUND(C23*D23,2) -> 0 | F23: state
E24: =ROUND(C24*D24,2) -> 0 | F24: state
E25: =ROUND(C25*D25,2) -> 0 | F25: state
E26: =ROUND(C26*D26,2) -> 0 | F26: state
... E134: =ROUND(C134*D134,2) -> 0 | F134: state
D135: State Total | E135: =ROUND(SUBTOTAL(109,E5:E134),2) -> 28709.1 | F135: state | H135: If you need additional rows, there are rows you can unhide
F136: non-state
E137: =ROUND(C137*D137,2) -> 0 | F137: non-state
E138: =ROUND(C138*D138,2) -> 0 | F138: non-state
E139: =ROUND(C139*D139,2) -> 0 | F139: non-state
E140: =ROUND(C140*D140,2) -> 0 | F140: non-state
E141: =ROUND(C141*D141,2) -> 0 | F141: non-state
E142: =ROUND(C142*D142,2) -> 0 | F142: non-state
E143: =ROUND(C143*D143,2) -> 0 | F143: non-state
E144: =ROUND(C144*D144,2) -> 0 | F144: non-state
E145: =ROUND(C145*D145,2) -> 0 | F145: non-state
E146: =ROUND(C146*D146,2) -> 0 | F146: non-state
E147: =ROUND(C147*D147,2) -> 0 | F147: non-state
E148: =ROUND(C148*D148,2) -> 0 | F148: non-state
... E266: =ROUND(C266*D266,2) -> 0 | F266: non-state
D267: NON-State Total | E267: =ROUND(SUBTOTAL(109,E136:E266),2) -> 0 | F267: non-state | H267: If you need additional rows, there are rows you can unhide
F268: keep
D269: Total Fringe Benefits | E269: =+E267+E135 -> 28709.1 | F269: keep | H269: This rows adds State & Non-State Totals
F270: keep
A271: Fringe Benefits Narrative (State): | F271: state | H271: Give a brief description of items that you are claiming
A272: Fringe benefits include, but are not limited to, employer paid employee taxes, employee insurances, retirement contributions, and unemployment benefit plans. | F272: state | H272: To add information on a new line, hold the Alt key and hit Enter. To change the row height, right click on the row number off to the left of the spreadsheet, then click on Row Height
F273: non-state
A274: Fringe Benefits Narrative (Non-State) i.e. "Match" or "Other Funding" | F274: non-state | H274: Give a brief description of items that you are claiming
F275: non-state | H275: To add information on a new line, hold the Alt key and hit Enter. To change the row height, right click on the row number off to the left of the spreadsheet, then click on Row Height

Sheet Travel
A1: Section C - Budget Worksheet & Narrative | G1: =+'Section A'!B2 -> GRANTEE | J1: ENTER NEW BUDGET AMOUNT IN THIS SHEET, NOT THE MODIFICATION AMOUNT
A2: 3). Travel (2 CFR 200.474)-- Travel should include: origin and destination, estimated costs and type of transportation, number of travelers, related lodging and per diem costs, brief description of the travel involved, its purpose, and explanation of how the proposed travel is necessary for successful completion of the project. In training projects, travel and meals for trainees should be listed separately. Show the number of trainees and unit cost involved. Identify the location of travel, if known; or if unknown, indicate "location to be determined." Indicate source of Travel Policies applied, Applicant or State of Illinois Travel Regulations. NOTE: Dollars requested in the travel category should be for staff travel only. Travel for consultants should be shown in the consultant category along with the consultant’s fee. Travel for training participants, advisory committees, review panels and etc., should be itemized the same way as indicated above and placed in the “Miscellaneous” category.
A4: Purpose of Travel/Items | B4: Location | C4: Cost Rate | D4: Basis | E4: Quantity | F4: # of Trips | G4: Travel Cost | H4: Filter
A5: PY2026 Grant Operations Travel Various $39.20 per trip 1 20 $784.00 ILW Training and Conferences Various $500.00 per trip 3 4 $6,000.00 | G5: =ROUND(+C5*E5*F5,2) -> 0 | H5: state
G6: =ROUND(+C6*E6*F6,2) -> 0 | H6: state
A7: PY2027 | G7: =ROUND(+C7*E7*F7,2) -> 0 | H7: state
A8: Grant Operations Travel | B8: Various | C8: 39.2 | D8: per trip | E8: 1 | F8: 20 | G8: =ROUND(+C8*E8*F8,2) -> 784 | H8: state
A9: ILW Training and Conferences | B9: Various | C9: 500 | D9: per trip | E9: 3 | F9: 4 | G9: =ROUND(+C9*E9*F9,2) -> 6000 | H9: state
G10: =ROUND(+C10*E10*F10,2) -> 0 | H10: state
G11: =ROUND(+C11*E11*F11,2) -> 0 | H11: state
G12: =ROUND(+C12*E12*F12,2) -> 0 | H12: state
G13: =ROUND(+C13*E13*F13,2) -> 0 | H13: state
G14: =ROUND(+C14*E14*F14,2) -> 0 | H14: state
G15: =ROUND(+C15*E15*F15,2) -> 0 | H15: state
G16: =ROUND(+C16*E16*F16,2) -> 0 | H16: state
G17: =ROUND(+C17*E17*F17,2) -> 0 | H17: state
G18: =ROUND(+C18*E18*F18,2) -> 0 | H18: state
G19: =ROUND(+C19*E19*F19,2) -> 0 | H19: state
G20: =ROUND(+C20*E20*F20,2) -> 0 | H20: state
G21: =ROUND(+C21*E21*F21,2) -> 0 | H21: state
... G134: =ROUND(+C134*E134*F134,2) -> 0 | H134: state
F135: State Total | G135: =ROUND(SUBTOTAL(109,G5:G134),2) -> 6784 | H135: state | J135: If you need additional rows, there are rows you can unhide
H136: non-state
G137: =ROUND(+C137*E137*F137,2) -> 0 | H137: non-state
G138: =ROUND(+C138*E138*F138,2) -> 0 | H138: non-state
G139: =ROUND(+C139*E139*F139,2) -> 0 | H139: non-state
G140: =ROUND(+C140*E140*F140,2) -> 0 | H140: non-state
G141: =ROUND(+C141*E141*F141,2) -> 0 | H141: non-state
G142: =ROUND(+C142*E142*F142,2) -> 0 | H142: non-state
G143: =ROUND(+C143*E143*F143,2) -> 0 | H143: non-state
G144: =ROUND(+C144*E144*F144,2) -> 0 | H144: non-state
G145: =ROUND(+C145*E145*F145,2) -> 0 | H145: non-state
G146: =ROUND(+C146*E146*F146,2) -> 0 | H146: non-state
G147: =ROUND(+C147*E147*F147,2) -> 0 | H147: non-state
G148: =ROUND(+C148*E148*F148,2) -> 0 | H148: non-state
... G266: =ROUND(+C266*E266*F266,2) -> 0 | H266: non-state
F267: NON-State Total | G267: =ROUND(SUBTOTAL(109,G136:G266),2) -> 0 | H267: non-state | J267: If you need additional rows, there are rows you can unhide
H268: keep
F269: Total Travel | G269: =+G267+G135 -> 6784 | H269: keep | J269: This rows adds State & Non-State Totals
H270: keep
A271: Travel Narrative (State): | H271: state | J271: Give a brief description of items that you are claiming
A272: Grant Operations Travel expenses for the purpose outreach/recruitment, transition service engagement, and program improvement at an average of $39.20 per trip. ILW Training and Conferences expenses for the purpose of staff travel to required ILW Training, Conferences, and Workshops at an average of $500.00 per staff member. Example additional expense narrative: Outreach, Recruit, Follow up, Meetings - the Recruiters job entails travel to obtain positions within the unions and other organizations that will be available for the candiadates in the program. All mileage is paid at the federal standard mileage rate. | H272: state | J272: To add information on a new line, hold the Alt key and hit Enter. To change the row height, right click on the row number off to the left of the spreadsheet, then click on Row Height
H273: non-state
A274: Travel Narrative (Non-State) i.e. "Match" or "Other Funding" | H274: non-state | J274: Give a brief description of items that you are claiming
H275: non-state | J275: To add information on a new line, hold the Alt key and hit Enter. To change the row height, right click on the row number off to the left of the spreadsheet, then click on Row Height

Sheet Equipment
A1: Section C - Budget Worksheet & Narrative | D1: =+'Section A'!B2 -> GRANTEE | G1: ENTER NEW BUDGET AMOUNT IN THIS SHEET, NOT THE MODIFICATION AMOUNT
A2: 4). Equipment (2 CFR 200.439)-- Provide justification for the use of each item and relate them to specific program objectives. Provide both the annual (for multiyear awards) and total for equipment. Equipment is defined as an article of tangible personal property that has a useful life of more than one year and a per-unit acquisition cost which equals or exceeds the lesser of the capitalization level established by the non-Federal entity for financial statement purposes, or $10,000. An applicant organization may classify equipment at a lower dollar value but cannot classify it higher than $10,000. (Note: Organization's own capitalization policy for classification of equipment can be used). Applicants should analyze the cost benefits of purchasing versus leasing equipment, especially high cost items and those subject to rapid technical advances. Rented or leased equipment costs should be listed in the "Contractual" category. Explain how the equipment is necessary for the success of the project. Attach a narrative describing the procurement method to be used.
A4: Item | B4: Quantity | C4: Cost | D4: Equipment Cost | E4: Filter
D5: =ROUND(+B5*C5,2) -> 0 | E5: state
D6: =ROUND(+B6*C6,2) -> 0 | E6: state
A7: PY2027 | D7: =ROUND(+B7*C7,2) -> 0 | E7: state
D8: =ROUND(+B8*C8,2) -> 0 | E8: state
D9: =ROUND(+B9*C9,2) -> 0 | E9: state
D10: =ROUND(+B10*C10,2) -> 0 | E10: state
D11: =ROUND(+B11*C11,2) -> 0 | E11: state
D12: =ROUND(+B12*C12,2) -> 0 | E12: state
D13: =ROUND(+B13*C13,2) -> 0 | E13: state
D14: =ROUND(+B14*C14,2) -> 0 | E14: state
D15: =ROUND(+B15*C15,2) -> 0 | E15: state
D16: =ROUND(+B16*C16,2) -> 0 | E16: state
D17: =ROUND(+B17*C17,2) -> 0 | E17: state
D18: =ROUND(+B18*C18,2) -> 0 | E18: state
D19: =ROUND(+B19*C19,2) -> 0 | E19: state
... D134: =ROUND(+B134*C134,2) -> 0 | E134: state
C135: State Total | D135: =ROUND(SUBTOTAL(109,D5:D134),2) -> 0 | E135: state | G135: If you need additional rows, there are rows you can unhide
E136: non-state
D137: =ROUND(+B137*C137,2) -> 0 | E137: non-state
D138: =ROUND(+B138*C138,2) -> 0 | E138: non-state
D139: =ROUND(+B139*C139,2) -> 0 | E139: non-state
D140: =ROUND(+B140*C140,2) -> 0 | E140: non-state
D141: =ROUND(+B141*C141,2) -> 0 | E141: non-state
D142: =ROUND(+B142*C142,2) -> 0 | E142: non-state
D143: =ROUND(+B143*C143,2) -> 0 | E143: non-state
D144: =ROUND(+B144*C144,2) -> 0 | E144: non-state
D145: =ROUND(+B145*C145,2) -> 0 | E145: non-state
D146: =ROUND(+B146*C146,2) -> 0 | E146: non-state
D147: =ROUND(+B147*C147,2) -> 0 | E147: non-state
D148: =ROUND(+B148*C148,2) -> 0 | E148: non-state
... D266: =ROUND(+B266*C266,2) -> 0 | E266: non-state
C267: NON-State Total | D267: =ROUND(SUBTOTAL(109,D136:D266),2) -> 0 | E267: non-state | G267: If you need additional rows, there are rows you can unhide
E268: keep
B269: Total Equipment | D269: =+D267+D135 -> 0 | E269: keep | G269: This rows adds State & Non-State Totals
E270: keep
A271: Equipment Narrative (State): | E271: state | G271: Give a brief description of items that you are claiming
A272: Grantee ackmowledges that equipment that is not expended or consumed during the course of the project will remain with the program. | E272: state | G272: To add information on a new line, hold the Alt key and hit Enter. To change the row height, right click on the row number off to the left of the spreadsheet, then click on Row Height
E273: non-state
A274: Equipment Narrative (Non-State) i.e. "Match" or "Other Funding" | E274: non-state | G274: Give a brief description of items that you are claiming
E275: non-state | G275: To add information on a new line, hold the Alt key and hit Enter. To change the row height, right click on the row number off to the left of the spreadsheet, then click on Row Height

Sheet Supplies
A1: Section C - Budget Worksheet & Narrative | D1: =+'Section A'!B2 -> GRANTEE | E1: Filter | G1: ENTER NEW BUDGET AMOUNT IN THIS SHEET, NOT THE MODIFICATION AMOUNT
A2: 5). Supplies (2 CFR 200.94)--List items by type (office supplies, postage, training materials, copying paper, and other expendable items such as books, hand held tape recorders) and show the basis for computation. Generally, supplies include any materials that are expendable or consumed during the course of the project. | E2: keep
A3: Item | B3: Quantity/ Duration | C3: Cost | D3: Supplies Cost | E3: keep
A4: PY2026 Misc training/office supplies 12 $50.00 $600.00 Construction Lab Equipment 2 $3,000.00 $6,000.00 Tools 1 $8,000.00 $8,000.00 PPE 50 $100.00 $5,000.00 NCCER Core Workbooks 50 $75.00 $3,750.00 Applied Construction Math workbooks 50 $50.00 $2,500.00 Student Assessment Materials 50 $27.50 $1,375.00 | D4: =ROUND(B4*C4,2) -> 0 | E4: keep
D5: =ROUND(B5*C5,2) -> 0 | E5: state
A6: PY2027 | D6: =ROUND(B6*C6,2) -> 0 | E6: state
A7: Misc training/office supplies | B7: 12 | C7: 50 | D7: =ROUND(B7*C7,2) -> 600 | E7: state
A8: Construction Lab Equipment | B8: 2 | C8: 3000 | D8: =ROUND(B8*C8,2) -> 6000 | E8: state
A9: Tools | B9: 1 | C9: 8000 | D9: =ROUND(B9*C9,2) -> 8000 | E9: state
A10: PPE | B10: 50 | C10: 100 | D10: =ROUND(B10*C10,2) -> 5000 | E10: state
A11: NCCER Core Workbooks | B11: 50 | C11: 75 | D11: =ROUND(B11*C11,2) -> 3750 | E11: state
A12: Applied Construction Math workbooks | B12: 50 | C12: 50 | D12: =ROUND(B12*C12,2) -> 2500 | E12: state
A13: Student Assessment Materials | B13: 50 | C13: 27.5 | D13: =ROUND(B13*C13,2) -> 1375 | E13: state
D14: =ROUND(B14*C14,2) -> 0 | E14: state
D15: =ROUND(B15*C15,2) -> 0 | E15: state
D16: =ROUND(B16*C16,2) -> 0 | E16: state
D17: =ROUND(B17*C17,2) -> 0 | E17: state
D18: =ROUND(B18*C18,2) -> 0 | E18: state
D19: =ROUND(B19*C19,2) -> 0 | E19: state
D20: =ROUND(B20*C20,2) -> 0 | E20: state
D21: =ROUND(B21*C21,2) -> 0 | E21: state
D22: =ROUND(B22*C22,2) -> 0 | E22: state
D23: =ROUND(B23*C23,2) -> 0 | E23: state
D24: =ROUND(B24*C24,2) -> 0 | E24: state
D25: =ROUND(B25*C25,2) -> 0 | E25: state
... D133: =ROUND(B133*C133,2) -> 0 | E133: state
C134: State Total | D134: =ROUND(SUBTOTAL(109,D4:D133),2) -> 27225 | E134: state | G134: If you need additional rows, there are rows you can unhide
E135: non-state
D136: =ROUND(B136*C136,2) -> 0 | E136: non-state
D137: =ROUND(B137*C137,2) -> 0 | E137: non-state
D138: =ROUND(B138*C138,2) -> 0 | E138: non-state
D139: =ROUND(B139*C139,2) -> 0 | E139: non-state
D140: =ROUND(B140*C140,2) -> 0 | E140: non-state
D141: =ROUND(B141*C141,2) -> 0 | E141: non-state
D142: =ROUND(B142*C142,2) -> 0 | E142: non-state
D143: =ROUND(B143*C143,2) -> 0 | E143: non-state
D144: =ROUND(B144*C144,2) -> 0 | E144: non-state
D145: =ROUND(B145*C145,2) -> 0 | E145: non-state
D146: =ROUND(B146*C146,2) -> 0 | E146: non-state
D147: =ROUND(B147*C147,2) -> 0 | E147: non-state
... D265: =ROUND(B265*C265,2) -> 0 | E265: non-state
C266: NON-State Total | D266: =ROUND(SUBTOTAL(109,D135:D265),2) -> 0 | E266: non-state | G266: If you need additional rows, there are rows you can unhide
E267: keep
B268: Total Supplies | D268: =+D134+D266 -> 27225 | E268: keep | G268: This rows adds State & Non-State Totals
E269: keep
A270: Supplies Narrative (State): | E270: state | G270: Give a brief description of items that you are claiming
A271: Misc training/office supplies - Supplies include folders, pens, paper, ink,graduation supplies, cleaning supplies, etc. Supplies also includes construction lab equipment, supplies, and or consumables. Construction Lab Equipment - Consumables include lumber, nails, pipe and other material that will be used by participants during hands on training. An average of $3,000.00 of consumable construction materials will be used for each Cohort. Tools - including Hand and Power Tools are required for the hands-on construction training required of this grant. Tools include but are not limited to hammers, screwdrivers, drills, and saws. Tools may be held in hand or mounted for use. These will be inventoried and secured. PPE includeing :Dispoable Personal Protective Equipment (PPE) includes required safety gear such as in-ear ear protection, safety glasses at an average of $6.50 per participant. These will be assigned to each particpant and will not be reused. Durable Personal Protective Equipment (PPE) includes required safety gear such as helmets, gloves, safety glasses, and boots at an average of $175 per set. These will be inventoried and secured. NCCER Core Workbook needed for program completion. One workbook for each participant. NCCER Applied Construction Math Workbook needed for the ILW required construction math instruction. One workbook for each participant. Student Assessment Materials include but are not limited to NCCER and Employability Skills assessment materials. These materials are calculated based on an average of $27.50 per participant. TABE Tests will be used to establish baseline instruction and tutoring needs. They cannot and will not be used for program eligibility (inclusion or exclusion.) Grantee acknowledges that allocations may be used for budgeting but only actual expenses attributed to the operation of the ILWPP grant can be submitted for reimbursement. Grantee ackmowledges that PPE, tools, classroom supplies, and/or construction lab supplies that are not expended or consumed during the course of the project will remain with the program and cannot be gifted to participants. | E271: state | G271: To add information on a new line, hold the Alt key and hit Enter. To change the row height, right click on the row number off to the left of the spreadsheet, then click on Row Height
E272: non-state
A273: Supplies Narrative (Non-State) i.e. "Match" or "Other Funding" | E273: non-state | G273: Give a brief description of items that you are claiming
E274: non-state | G274: To add information on a new line, hold the Alt key and hit Enter. To change the row height, right click on the row number off to the left of the spreadsheet, then click on Row Height

Sheet Contractual Services
A1: Section C - Budget Worksheet & Narrative | C1: =+'Section A'!B2 -> GRANTEE | D1: Filter | F1: ENTER NEW BUDGET AMOUNT IN THIS SHEET, NOT THE MODIFICATION AMOUNT
A2: 6). Contractual Services (2 CFR 200.318) & Subawards (200.92) -- Provide a description of the product or service to be procured by contract and an estimate of the cost. Applicants are encouraged to promote free and open competition in awarding contracts. A separate justification must be provided for sole contracts in excess of $150,000 (See 2 CFR 200.88). NOTE : this budget category may include subawards. Provide separate budgets for each subaward or contract, regardless of the dollar value and indicate the basis for the cost estimates in the narrative. Describe products or services to be obtained and indicate the applicability or necessity of each to the project. | D2: keep
A3: Please also note the differences between subaward, contract, and contractor (vendor): | D3: keep
A4: 1) Subaward (200.92) means an award provided by a pass-through entity to a subrecipient for the subrecipient to carry out part of a Federal/State award, including a portion of the scope of work or objectives. It does not include payments to a contractor or payments to an individual that is a beneficiary of a Federal/State program. 2) Contract (200.22) means a legal instrument by which a non-Federal entity purchases property or services needed to carry out the project or program under a Federal award. The term as used in this part does not include a legal instrument, even if the non-Federal entity considers it a contract, when the substance of the transaction meets the definition of a Federal award or subaward. 3) "Vendor" or "Contractor" is generally a dealer, distributor or other seller that provides supplies, expendable materials, or data processing services in support of the project activities. | D4: keep
D5: keep
A6: Item | C6: Contractual Services Cost | D6: state
A7: PY2026 First Aid/CPR instruction $3,500.00 OSHA 10 Hour Construction instruction $8,000.00 Construction Math instruction $8,000.00 Accounting services $12,000.00 | D7: state
D8: state
A9: PY2027 | D9: state
A10: First Aid/CPR instruction | C10: 4000 | D10: state
A11: OSHA 10 Hour Construction instruction | C11: 9500 | D11: state
A12: Construction Math instruction | C12: 8500 | D12: state
A13: Accounting services | C13: 12500 | D13: state
D14: state
D15: state
D16: state
D17: state
D18: state
D19: state
D20: state
D21: state
D22: state
D23: state
D24: state
D25: state
... D136: state
B137: State Total | C137: =ROUND(SUBTOTAL(109,C7:C136),2) -> 34500 | D137: state | F137: If you need additional rows, there are rows you can unhide
D138: non-state
D139: non-state
D140: non-state
D141: non-state
D142: non-state
D143: non-state
D144: non-state
D145: non-state
D146: non-state
D147: non-state
D148: non-state
D149: non-state
... D268: non-state
B269: NON-State Total | C269: =ROUND(SUBTOTAL(109,C138:C268),2) -> 0 | D269: non-state | F269: If you need additional rows, there are rows you can unhide
D270: keep
B271: Total Contractual Services | C271: =+C137+C269 -> 34500 | D271: keep | F271: This rows adds State & Non-State Totals
D272: keep
A273: Contractual Services Narrative (State): | D273: state | F273: Give a brief description of items that you are claiming
A274: First Aid/CPR instruction - A certified First Aid/CPR instructor will provide training for 50 participants via two single-day training sessions - one for Cohort 1 and one for Cohort 2. Instructor will be paid $1,750.00 per session. Includes cost of certifications. OSHA 10 Hour Construction instruction - A certified OSHA 10 will provide the required OSHA 10 Construction training for 50 participants via two multi-day training sessions - one for Cohort 1 and one for Cohort 2. Instructor will be paid $4,500.00 per session. Includes cost of certifications. Construction Math instruction - A former high school math teacher will provide the required 40 hours of construction math instruction for 50 participants via two multi-day training sessions - one for Cohort 1 and one for Cohort 2. Instructor will be paid $4,000.00 per cohort for 40 hours of instruction and 10 hours of make-up or tutoring. Accounting Services - required services to process staff payroll, expenses, participant stipends, and maintain grant supporting documentation and/or Audit services. Grantee will submit signed contracts for each vendor. | D274: state | F274: To add information on a new line, hold the Alt key and hit Enter. To change the row height, right click on the row number off to the left of the spreadsheet, then click on Row Height
D275: non-state
A276: Contractual Services Narrative (Non-State) i.e. "Match" or "Other Funding" | D276: non-state | F276: Give a brief description of items that you are claiming
D277: non-state | F277: To add information on a new line, hold the Alt key and hit Enter. To change the row height, right click on the row number off to the left of the spreadsheet, then click on Row Height

Sheet Consultant
A1: Section C - Budget Worksheet & Narrative | G1: =+'Section A'!B2 -> GRANTEE | H1: Filter | J1: ENTER NEW BUDGET AMOUNT IN THIS SHEET, NOT THE MODIFICATION AMOUNT
A2: 7). Consultant Services and Expenses (2 CFR 200.459)-- Consultant Services (Fees): For each consultant enter the name, if known, service to be provided, hourly or daily fee (8-hour day), and estimated time on the project. Consultant Expenses: List all expenses to be paid from the grant to the individual consultant in addition to their fees (i.e., travel, meals, lodging, etc.) Consultant-- Indicate whether applicant's formal, written Procurement Policy or the Federal Acquisitions Policy is used. | H2: keep
A3: Consultant Services (Fees) | B3: Services Provided | D3: Fee | E3: Basis | F3: Quantity | G3: Consultant Services (Fee) Cost | H3: keep
G4: =ROUND(+D4*F4,2) -> 0 | H4: state
G5: =ROUND(+D5*F5,2) -> 0 | H5: state
A6: PY2027 | G6: =ROUND(+D6*F6,2) -> 0 | H6: state
G7: =ROUND(+D7*F7,2) -> 0 | H7: state
G8: =ROUND(+D8*F8,2) -> 0 | H8: state
G9: =ROUND(+D9*F9,2) -> 0 | H9: state
G10: =ROUND(+D10*F10,2) -> 0 | H10: state
G11: =ROUND(+D11*F11,2) -> 0 | H11: state
G12: =ROUND(+D12*F12,2) -> 0 | H12: state
G13: =ROUND(+D13*F13,2) -> 0 | H13: state
G14: =ROUND(+D14*F14,2) -> 0 | H14: state
G15: =ROUND(+D15*F15,2) -> 0 | H15: state
G16: =ROUND(+D16*F16,2) -> 0 | H16: state
G17: =ROUND(+D17*F17,2) -> 0 | H17: state
G18: =ROUND(+D18*F18,2) -> 0 | H18: state
... G133: =ROUND(+D133*F133,2) -> 0 | H133: state
F134: State Total | G134: =ROUND(SUBTOTAL(109,G4:G133),2) -> 0 | H134: state | J134: If you need additional rows, there are rows you can unhide
H135: non-state
G136: =ROUND(+D136*F136,2) -> 0 | H136: non-state
G137: =ROUND(+D137*F137,2) -> 0 | H137: non-state
G138: =ROUND(+D138*F138,2) -> 0 | H138: non-state
G139: =ROUND(+D139*F139,2) -> 0 | H139: non-state
G140: =ROUND(+D140*F140,2) -> 0 | H140: non-state
G141: =ROUND(+D141*F141,2) -> 0 | H141: non-state
G142: =ROUND(+D142*F142,2) -> 0 | H142: non-state
G143: =ROUND(+D143*F143,2) -> 0 | H143: non-state
G144: =ROUND(+D144*F144,2) -> 0 | H144: non-state
G145: =ROUND(+D145*F145,2) -> 0 | H145: non-state
G146: =ROUND(+D146*F146,2) -> 0 | H146: non-state
G147: =ROUND(+D147*F147,2) -> 0 | H147: non-state
... G265: =ROUND(+D265*F265,2) -> 0 | H265: non-state
F266: NON-State Total | G266: =ROUND(SUBTOTAL(109,G135:G265),2) -> 0 | H266: non-state | J266: If you need additional rows, there are rows you can unhide
H267: keep
F268: Total Consultant Services (Fees) | G268: =+G266+G134 -> 0 | H268: keep
H269: keep
A270: Consultant Services Narrative (State): | H270: state | J270: Give a brief description of items that you are claiming
A271: Grantee will submit signed contracts for each vendor. | H271: state | J271: To add information on a new line, hold the Alt key and hit Enter.
H272: non-state
A273: Consultant Services Narrative (Non-State) i.e. "Match" or "Other Funding" | H273: non-state | J273: Give a brief description of items that you are claiming
H274: non-state | J274: To add information on a new line, hold the Alt key and hit Enter.
H275: keep
A276: Consultant Expenses - Item | B276: Location | C276: Cost Rate | D276: Basis | E276: Quantity | F276: # of Trips | G276: Consultant Expenses Total Cost | H276: keep
G277: =ROUND(C277*E277*F277,2) -> 0 | H277: state
G278: =ROUND(C278*E278*F278,2) -> 0 | H278: state
G279: =ROUND(C279*E279*F279,2) -> 0 | H279: state
G280: =ROUND(C280*E280*F280,2) -> 0 | H280: state
G281: =ROUND(C281*E281*F281,2) -> 0 | H281: state
G282: =ROUND(C282*E282*F282,2) -> 0 | H282: state
G283: =ROUND(C283*E283*F283,2) -> 0 | H283: state
G284: =ROUND(C284*E284*F284,2) -> 0 | H284: state
G285: =ROUND(C285*E285*F285,2) -> 0 | H285: state
G286: =ROUND(C286*E286*F286,2) -> 0 | H286: state
G287: =ROUND(C287*E287*F287,2) -> 0 | H287: state
G288: =ROUND(C288*E288*F288,2) -> 0 | H288: state
... G406: =ROUND(C406*E406*F406,2) -> 0 | H406: state
F407: State Total | G407: =ROUND(SUBTOTAL(109,G277:G406),2) -> 0 | H407: state | J407: If you need additional rows, there are rows you may unhide
H408: non-state
G409: =ROUND(C409*E409*F409,2) -> 0 | H409: non-state
G410: =ROUND(C410*E410*F410,2) -> 0 | H410: non-state
G411: =ROUND(C411*E411*F411,2) -> 0 | H411: non-state
G412: =ROUND(C412*E412*F412,2) -> 0 | H412: non-state
G413: =ROUND(C413*E413*F413,2) -> 0 | H413: non-state
G414: =ROUND(C414*E414*F414,2) -> 0 | H414: non-state
G415: =ROUND(C415*E415*F415,2) -> 0 | H415: non-state
G416: =ROUND(C416*E416*F416,2) -> 0 | H416: non-state
G417: =ROUND(C417*E417*F417,2) -> 0 | H417: non-state
G418: =ROUND(C418*E418*F418,2) -> 0 | H418: non-state
G419: =ROUND(C419*E419*F419,2) -> 0 | H419: non-state
G420: =ROUND(C420*E420*F420,2) -> 0 | H420: non-state
... G538: =ROUND(C538*E538*F538,2) -> 0 | H538: non-state
F539: NON-State Total | G539: =ROUND(SUBTOTAL(109,G408:G538),2) -> 0 | H539: non-state | J539: If you need additional rows, there are rows you may unhide
H540: keep
F541: Total Consultant Expenses | G541: =+G539+G407 -> 0 | H541: keep
H542: keep
A543: Consultant Expenses Narrative (State): | H543: state | J543: Give a brief description of items that you are claiming
A544: Grantee will submit signed contracts for each vendor. | H544: state | J544: To add information on a new line, hold the Alt key and hit Enter. To change the row height, right click on the row number off to the left of the spreadsheet, then click on Row Height
H545: non-state
A546: Consultant Expenses Narrative (Non-State) i.e. "Match" or "Other Funding" | H546: non-state | J546: Give a brief description of items that you are claiming
H547: non-state | J547: To add information on a new line, hold the Alt key and hit Enter. To change the row height, right click on the row number off to the left of the spreadsheet, then click on Row Height

Sheet Construction
A1: Section C - Budget Worksheet & Narrative | C1: =+'Section A'!B2 -> GRANTEE | D1: Filter | F1: ENTER NEW BUDGET AMOUNT IN THIS SHEET, NOT THE MODIFICATION AMOUNT
A2: 8). Construction-- Provide a description of the construction project and an estimate of the costs. As a rule, construction costs are not allowable unless with prior written approval. In some cases, minor repairs or renovations may be allowable. Consult with the program office before budgeting funds in this category. Estimated construction costs must be supported by documentation including drawings and estimates, formal bids, etc. As with all other costs, follow the specific requirements of the program, the terms and conditions of the award, and applicable regulations. | D2: keep
A3: Purpose | B3: Description of Work | C3: Construction Cost | D3: keep
D4: state | F4: Consult with Program Office before budgeting Construction costs.
D5: state | F5: Consult with Program Office before budgeting Construction costs.
D6: state | F6: Consult with Program Office before budgeting Construction costs.
D7: state | F7: Consult with Program Office before budgeting Construction costs.
D8: state | F8: Consult with Program Office before budgeting Construction costs.
D9: state | F9: Consult with Program Office before budgeting Construction costs.
D10: state | F10: Consult with Program Office before budgeting Construction costs.
D11: state | F11: Consult with Program Office before budgeting Construction costs.
D12: state | F12: Consult with Program Office before budgeting Construction costs.
D13: state | F13: Consult with Program Office before budgeting Construction costs.
D14: state | F14: Consult with Program Office before budgeting Construction costs.
D15: state | F15: Consult with Program Office before budgeting Construction costs.
... D133: state | F133: Consult with Program Office before budgeting Construction costs.
B134: State Total | C134: =ROUND(SUBTOTAL(109,C4:C133),2) -> 0 | D134: state | F134: If you need additional rows, there are rows you can unhide
D135: non-state
D136: non-state
D137: non-state | F137: Consult with Program Office before budgeting Construction costs.
D138: non-state | F138: Consult with Program Office before budgeting Construction costs.
D139: non-state | F139: Consult with Program Office before budgeting Construction costs.
D140: non-state | F140: Consult with Program Office before budgeting Construction costs.
D141: non-state | F141: Consult with Program Office before budgeting Construction costs.
D142: non-state | F142: Consult with Program Office before budgeting Construction costs.
D143: non-state | F143: Consult with Program Office before budgeting Construction costs.
D144: non-state | F144: Consult with Program Office before budgeting Construction costs.
D145: non-state | F145: Consult with Program Office before budgeting Construction costs.
D146: non-state | F146: Consult with Program Office before budgeting Construction costs.
D147: non-state | F147: Consult with Program Office before budgeting Construction costs.
D148: non-state | F148: Consult with Program Office before budgeting Construction costs.
... D264: non-state | F264: Consult with Program Office before budgeting Construction costs.
D265: non-state
B266: NON-State Total | C266: =ROUND(SUBTOTAL(109,C135:C265),2) -> 0 | D266: non-state | F266: If you need additional rows, there are rows you can unhide
D267: keep
B268: Total Construction | C268: =+C266+C134 -> 0 | D268: keep | F268: This rows adds State & Non-State Totals
D269: keep
A270: Construction Narrative (State): | D270: state | F270: Give a brief description of items that you are claiming
D271: state | F271: To add information on a new line, hold the Alt key and hit Enter. To change the row height, right click on the row number off to the left of the spreadsheet, then click on Row Height
D272: non-state
A273: Construction Narrative (Non-State) i.e. "Match" or "Other Funding" | D273: non-state | F273: Give a brief description of items that you are claiming
D274: non-state | F274: To add information on a new line, hold the Alt key and hit Enter. To change the row height, right click on the row number off to the left of the spreadsheet, then click on Row Height

Sheet Occupancy
A1: Section C - Budget Worksheet & Narrative | F1: =+'Section A'!B2 -> GRANTEE | G1: Filter | I1: ENTER NEW BUDGET AMOUNT IN THIS SHEET, NOT THE MODIFICATION AMOUNT
A2: 9). Occupancy -Rent and Utilities (2 CFR 200.465)-- List items and descriptions by major type and the basis of the computation. Explain how rental and utility expenses are allocated for distribution as an expense to the program/service. For example, provide the square footage and the cost per square foot rent and utility, and provide a monthly rental and utility cost and how many months to rent. NOTE: This budgetary line item is to be used for direct program rent and utilities, all other indirect or administrative occupancy costs should be listed in the indirect expense section of the Budget worksheet and narrative. Maintenance and repair costs may be included here if directly allocated to program. | G2: keep
G3: keep
A4: Description | B4: Quantity | C4: Basis | D4: Cost | E4: Length of time | F4: Occupancy Cost | G4: keep | I4: Length of time=# of units of Basis
A5: PY2026 Instruction facility 3000 square foot $2.00 12 $72,000.00 | F5: =ROUND(+B5*D5*E5,2) -> 0 | G5: state
F6: =ROUND(+B6*D6*E6,2) -> 0 | G6: state
A7: PY2027 | F7: =ROUND(+B7*D7*E7,2) -> 0 | G7: state
A8: Instruction facility | B8: 3000 | C8: square foot | D8: 2 | E8: 12 | F8: =ROUND(+B8*D8*E8,2) -> 72000 | G8: state
F9: =ROUND(+B9*D9*E9,2) -> 0 | G9: state
F10: =ROUND(+B10*D10*E10,2) -> 0 | G10: state
F11: =ROUND(+B11*D11*E11,2) -> 0 | G11: state
F12: =ROUND(+B12*D12*E12,2) -> 0 | G12: state
F13: =ROUND(+B13*D13*E13,2) -> 0 | G13: state
F14: =ROUND(+B14*D14*E14,2) -> 0 | G14: state
F15: =ROUND(+B15*D15*E15,2) -> 0 | G15: state
F16: =ROUND(+B16*D16*E16,2) -> 0 | G16: state
F17: =ROUND(+B17*D17*E17,2) -> 0 | G17: state
F18: =ROUND(+B18*D18*E18,2) -> 0 | G18: state
F19: =ROUND(+B19*D19*E19,2) -> 0 | G19: state
F20: =ROUND(+B20*D20*E20,2) -> 0 | G20: state
... F134: =ROUND(+B134*D134*E134,2) -> 0 | G134: state
E135: State Total | F135: =ROUND(SUBTOTAL(109,F5:F134),2) -> 72000 | G135: state | I135: If you need additional rows, there are rows you can unhide
G136: non-state
F137: =ROUND(+B137*D137*E137,2) -> 0 | G137: non-state
F138: =ROUND(+B138*D138*E138,2) -> 0 | G138: non-state
F139: =ROUND(+B139*D139*E139,2) -> 0 | G139: non-state
F140: =ROUND(+B140*D140*E140,2) -> 0 | G140: non-state
F141: =ROUND(+B141*D141*E141,2) -> 0 | G141: non-state
F142: =ROUND(+B142*D142*E142,2) -> 0 | G142: non-state
F143: =ROUND(+B143*D143*E143,2) -> 0 | G143: non-state
F144: =ROUND(+B144*D144*E144,2) -> 0 | G144: non-state
F145: =ROUND(+B145*D145*E145,2) -> 0 | G145: non-state
F146: =ROUND(+B146*D146*E146,2) -> 0 | G146: non-state
F147: =ROUND(+B147*D147*E147,2) -> 0 | G147: non-state
F148: =ROUND(+B148*D148*E148,2) -> 0 | G148: non-state
... F266: =ROUND(+B266*D266*E266,2) -> 0 | G266: non-state
E267: NON-State Total | F267: =ROUND(SUBTOTAL(109,F136:F266),2) -> 0 | G267: non-state | I267: If you need additional rows, there are rows you can unhide
G268: keep
E269: Total Occupancy | F269: =+F267+F135 -> 72000 | G269: keep | I269: This rows adds State & Non-State Totals
G270: keep
A271: Occupancy Narrative (State): | G271: state | I271: Give a brief description of items that you are claiming
A272: Instruction facility - provides 1,000 sq feet of classroom space and 2,000 sq feet of construction lab space. Rent is $2.00 per square foot per month including utilities. The instruction facility address is 123 Main St, Chicago, IL 60661. The ILWPP is the only activity taking place in this facility. State the address where the ILWPP classroom instruction and construction lab activities will take place. Grantee to provide copy of rental agreement. Grantee to provide letter of permission from the landlord affirming use of the property for construction training. Letter must acknowledge that damages are the responsibility of the grantee and not the State of Illinois. If grantee owns the property, provide letter stating ownership, understanding of use of property for construction training, and damages are responsibility of grantee and not the State of Illinois. | G272: state | I272: To add information on a new line, hold the Alt key and hit Enter. To change the row height, right click on the row number off to the left of the spreadsheet, then click on Row Height
G273: non-state
A274: Occupancy Narrative (Non-State) i.e. "Match" or "Other Funding" | G274: non-state | I274: Give a brief description of items that you are claiming
G275: non-state | I275: To add information on a new line, hold the Alt key and hit Enter. To change the row height, right click on the row number off to the left of the spreadsheet, then click on Row Height

Sheet R & D
A1: Section C - Budget Worksheet & Narrative | C1: =+'Section A'!B2 -> GRANTEE | F1: ENTER NEW BUDGET AMOUNT IN THIS SHEET, NOT THE MODIFICATION AMOUNT
A2: 10). Research & Development (R&D) (2 CFR 200.87)-- Definition: All research activities, both basic and applied, and all development activities that are performed by non-Federal entities directed toward the production of useful materials, devices, systems, or methods, including design and development of prototypes and processes. Provide a description of the research and development project and an estimate of the costs. NOTE: Consult with the program office before budgeting funds in this category.
A3: Purpose | B3: Description of Work | C3: Research & Development Cost | D3: Filter
D4: state
D5: state
D6: state
D7: state
D8: state
D9: state
D10: state
D11: state
D12: state
D13: state
D14: state
D15: state
... D133: state
B134: State Total | C134: =ROUND(SUBTOTAL(109,C4:C133),2) -> 0 | D134: state | F134: If you need additional rows, there are rows you can unhide
D135: non-state
D136: non-state
D137: non-state
D138: non-state
D139: non-state
D140: non-state
D141: non-state
D142: non-state
D143: non-state
D144: non-state
D145: non-state
D146: non-state
... D265: non-state
B266: NON-State Total | C266: =ROUND(SUBTOTAL(109,C135:C265),2) -> 0 | D266: non-state | F266: If you need additional rows, there are rows you can unhide
D267: keep
B268: Total R & D | C268: =+C266+C134 -> 0 | D268: keep | F268: This rows adds State & Non-State Totals
D269: keep
A270: R & D Narrative (State): | D270: state | F270: Give a brief description of items that you are claiming
D271: state | F271: To add information on a new line, hold the Alt key and hit Enter. To change the row height, right click on the row number off to the left of the spreadsheet, then click on Row Height
D272: non-state
A273: R & D Narrative (Non-State) i.e. "Match" or "Other Funding" | D273: non-state | F273: Give a brief description of items that you are claiming
D274: non-state | F274: To add information on a new line, hold the Alt key and hit Enter. To change the row height, right click on the row number off to the left of the spreadsheet, then click on Row Height

Sheet Telecommunications
A1: Section C - Budget Worksheet & Narrative | F1: =+'Section A'!B2 -> GRANTEE | G1: Filter | I1: ENTER NEW BUDGET AMOUNT IN THIS SHEET, NOT THE MODIFICATION AMOUNT
A2: 11). Telecommunications -- List items and descriptions by major type and the basis of the computation. Explain how telecommunication expenses are allocated for distribution as an expense to the program/service. NOTE: This budgetary line item is to be used for direct program telecommunications, all other indirect or administrative telecommunication costs should be listed in the indirect expense section of the Budget worksheet and narrative. | G2: keep
G3: keep
A4: Description | B4: Quantity | C4: Basis | D4: Cost | E4: Length of time | F4: Telecommunications Cost | G4: keep
A5: PY2026 Staff Cell Phones 7 Each $14.50 12 $1,218.00 | F5: =ROUND(+B5*D5*E5,2) -> 0 | G5: state
F6: =ROUND(+B6*D6*E6,2) -> 0 | G6: state
A7: PY2027 | F7: =ROUND(+B7*D7*E7,2) -> 0 | G7: state
A8: Staff Cell Phones | B8: 7 | C8: Each | D8: 14.5 | E8: 12 | F8: =ROUND(+B8*D8*E8,2) -> 1218 | G8: state
F9: =ROUND(+B9*D9*E9,2) -> 0 | G9: state
F10: =ROUND(+B10*D10*E10,2) -> 0 | G10: state
F11: =ROUND(+B11*D11*E11,2) -> 0 | G11: state
F12: =ROUND(+B12*D12*E12,2) -> 0 | G12: state
F13: =ROUND(+B13*D13*E13,2) -> 0 | G13: state
F14: =ROUND(+B14*D14*E14,2) -> 0 | G14: state
F15: =ROUND(+B15*D15*E15,2) -> 0 | G15: state
F16: =ROUND(+B16*D16*E16,2) -> 0 | G16: state
F17: =ROUND(+B17*D17*E17,2) -> 0 | G17: state
F18: =ROUND(+B18*D18*E18,2) -> 0 | G18: state
F19: =ROUND(+B19*D19*E19,2) -> 0 | G19: state
F20: =ROUND(+B20*D20*E20,2) -> 0 | G20: state
... F134: =ROUND(+B134*D134*E134,2) -> 0 | G134: state
E135: State Total | F135: =ROUND(SUBTOTAL(109,F5:F134),2) -> 1218 | G135: state | I135: If you need additional rows, there are rows you can unhide
G136: non-state
F137: =ROUND(+B137*D137*E137,2) -> 0 | G137: non-state
F138: =ROUND(+B138*D138*E138,2) -> 0 | G138: non-state
F139: =ROUND(+B139*D139*E139,2) -> 0 | G139: non-state
F140: =ROUND(+B140*D140*E140,2) -> 0 | G140: non-state
F141: =ROUND(+B141*D141*E141,2) -> 0 | G141: non-state
F142: =ROUND(+B142*D142*E142,2) -> 0 | G142: non-state
F143: =ROUND(+B143*D143*E143,2) -> 0 | G143: non-state
F144: =ROUND(+B144*D144*E144,2) -> 0 | G144: non-state
F145: =ROUND(+B145*D145*E145,2) -> 0 | G145: non-state
F146: =ROUND(+B146*D146*E146,2) -> 0 | G146: non-state
F147: =ROUND(+B147*D147*E147,2) -> 0 | G147: non-state
F148: =ROUND(+B148*D148*E148,2) -> 0 | G148: non-state
... F266: =ROUND(+B266*D266*E266,2) -> 0 | G266: non-state
E267: NON-State Total | F267: =ROUND(SUBTOTAL(109,F136:F266),2) -> 0 | G267: non-state | I267: If you need additional rows, there are rows you can unhide
G268: keep
C269: Total Telecommunications | F269: =+F267+F135 -> 1218 | G269: keep | I269: This rows adds State & Non-State Totals
G270: keep
A271: Telecommunications Narrative (State): | G271: state | I271: Give a brief description of items that you are claiming
A272: Staff Cell Phones - All staff are reimbursed $30 per month for the use of their personal cell phone. The total annual cost for 7 staff is $2,520. All staff members do not spend 100% of their time on this project. Therefore, the cost is allocated based on their % of time spent on this project. | G272: state | I272: To add information on a new line, hold the Alt key and hit Enter. To change the row height, right click on the row number off to the left of the spreadsheet, then click on Row Height
G273: non-state
A274: Telecommunications Narrative (Non-State) i.e. "Match" or "Other Funding" | G274: non-state | I274: Give a brief description of items that you are claiming
G275: non-state | I275: To add information on a new line, hold the Alt key and hit Enter. To change the row height, right click on the row number off to the left of the spreadsheet, then click on Row Height

Sheet Training & Education
A1: Section C - Budget Worksheet & Narrative | F1: =+'Section A'!B2 -> GRANTEE | G1: Filter | I1: ENTER NEW BUDGET AMOUNT IN THIS SHEET, NOT THE MODIFICATION AMOUNT
A2: 12). Training and Education (2 CFR 200.472) -- Describe the training and education cost associated with employee development. Include rental space for training (if required), training materials, speaker fees, substitute teacher fees, and any other applicable expenses related to the training. When training materials (pamphlets, notebooks, videos, and other various handouts) are ordered for specific training activities, these items should be itemized below. | G2: keep
G3: keep
A4: Description | B4: Quantity | C4: Basis | D4: Cost | E4: Length of time | F4: Training & Education Cost | G4: keep | I4: Length of time=# of units of Basis
A5: PY2026 Staff Training and Professional Development 3 $1,500.00 1 $4,500.00 | F5: =ROUND(+B5*D5*E5,2) -> 0 | G5: state
F6: =ROUND(+B6*D6*E6,2) -> 0 | G6: state
A7: PY2027 | F7: =ROUND(+B7*D7*E7,2) -> 0 | G7: state
A8: Staff Training and Professional Development | B8: 3 | D8: 2000 | E8: 1 | F8: =ROUND(+B8*D8*E8,2) -> 6000 | G8: state
F9: =ROUND(+B9*D9*E9,2) -> 0 | G9: state
F10: =ROUND(+B10*D10*E10,2) -> 0 | G10: state
F11: =ROUND(+B11*D11*E11,2) -> 0 | G11: state
F12: =ROUND(+B12*D12*E12,2) -> 0 | G12: state
F13: =ROUND(+B13*D13*E13,2) -> 0 | G13: state
F14: =ROUND(+B14*D14*E14,2) -> 0 | G14: state
F15: =ROUND(+B15*D15*E15,2) -> 0 | G15: state
F16: =ROUND(+B16*D16*E16,2) -> 0 | G16: state
F17: =ROUND(+B17*D17*E17,2) -> 0 | G17: state
F18: =ROUND(+B18*D18*E18,2) -> 0 | G18: state
F19: =ROUND(+B19*D19*E19,2) -> 0 | G19: state
F20: =ROUND(+B20*D20*E20,2) -> 0 | G20: state
... F134: =ROUND(+B134*D134*E134,2) -> 0 | G134: state
E135: State Total | F135: =ROUND(SUBTOTAL(109,F5:F134),2) -> 6000 | G135: state | I135: If you need additional rows, there are rows you can unhide
G136: non-state
F137: =ROUND(+B137*D137*E137,2) -> 0 | G137: non-state
F138: =ROUND(+B138*D138*E138,2) -> 0 | G138: non-state
F139: =ROUND(+B139*D139*E139,2) -> 0 | G139: non-state
F140: =ROUND(+B140*D140*E140,2) -> 0 | G140: non-state
F141: =ROUND(+B141*D141*E141,2) -> 0 | G141: non-state
F142: =ROUND(+B142*D142*E142,2) -> 0 | G142: non-state
F143: =ROUND(+B143*D143*E143,2) -> 0 | G143: non-state
F144: =ROUND(+B144*D144*E144,2) -> 0 | G144: non-state
F145: =ROUND(+B145*D145*E145,2) -> 0 | G145: non-state
F146: =ROUND(+B146*D146*E146,2) -> 0 | G146: non-state
F147: =ROUND(+B147*D147*E147,2) -> 0 | G147: non-state
F148: =ROUND(+B148*D148*E148,2) -> 0 | G148: non-state
... F266: =ROUND(+B266*D266*E266,2) -> 0 | G266: non-state
E267: NON-State Total | F267: =ROUND(SUBTOTAL(109,F136:F266),2) -> 0 | G267: non-state | I267: If you need additional rows, there are rows you can unhide
G268: keep
C269: Total Training & Education | F269: =+F267+F135 -> 6000 | G269: keep | I269: This rows adds State & Non-State Totals
G270: keep
A271: Training & Education Narrative (State): | G271: state | I271: Give a brief description of items that you are claiming
A272: Staff Training and Professional Development - to be used to enhance staff skills, promote continuous learning, and ensure that our team remains current with industry best practices, ultimately contributing to improved performance and organizational success. For three staff members, an average of $2,000 is allocated for professional development activities, including workshops, training sessions, conferences, and certifications. | G272: state | I272: To add information on a new line, hold the Alt key and hit Enter. To change the row height, right click on the row number off to the left of the spreadsheet, then click on Row Height
G273: non-state
A274: Training & Education Narrative (Non-State) i.e. "Match" or "Other Funding" | G274: non-state | I274: Give a brief description of items that you are claiming
G275: non-state | I275: To add information on a new line, hold the Alt key and hit Enter. To change the row height, right click on the row number off to the left of the spreadsheet, then click on Row Height

Sheet Direct Administrative
A1: Section C - Budget Worksheet & Narrative | G1: =+'Section A'!$B$2 -> GRANTEE | H1: Filter | J1: ENTER NEW BUDGET AMOUNT IN THIS SHEET, NOT THE MODIFICATION AMOUNT
A2: 13). Direct Administrative Costs - (2 CFR 200.413 (c) The salaries of administrative and clerical staff should normally be treated as indirect (F&A) costs. Direct charging of these costs may be appropriate only if all of the following conditions are met: (1) Administrative or clerical services are integral to a project or activity; (2) Individuals involved can be specifically identified with the project or activity; (3) Such costs are explicitly included in the budget or have the prior written approval of the State awarding agency; and (4) The costs are not also recovered as indirect costs. | H2: keep
H3: keep
A4: Name | B4: Position | C4: Salary or Wage | D4: Basis (Yr./Mo./Hr.) | E4: % of Time | F4: Length of time | G4: Direct Administrative Cost | H4: keep | J4: Length of time=# of units of Basis
G5: =ROUND(+C5*E5*F5,2) -> 0 | H5: state
G6: =ROUND(+C6*E6*F6,2) -> 0 | H6: state
G7: =ROUND(+C7*E7*F7,2) -> 0 | H7: state
G8: =ROUND(+C8*E8*F8,2) -> 0 | H8: state
G9: =ROUND(+C9*E9*F9,2) -> 0 | H9: state
G10: =ROUND(+C10*E10*F10,2) -> 0 | H10: state
G11: =ROUND(+C11*E11*F11,2) -> 0 | H11: state
G12: =ROUND(+C12*E12*F12,2) -> 0 | H12: state
G13: =ROUND(+C13*E13*F13,2) -> 0 | H13: state
G14: =ROUND(+C14*E14*F14,2) -> 0 | H14: state
G15: =ROUND(+C15*E15*F15,2) -> 0 | H15: state
G16: =ROUND(+C16*E16*F16,2) -> 0 | H16: state
... G134: =ROUND(+C134*E134*F134,2) -> 0 | H134: state
F135: State Total | G135: =ROUND(SUBTOTAL(109,G5:G134),2) -> 0 | H135: state | J135: If you need additional rows, there are rows you can unhide
H136: non-state
G137: =ROUND(+C137*E137*F137,2) -> 0 | H137: non-state
G138: =ROUND(+C138*E138*F138,2) -> 0 | H138: non-state
G139: =ROUND(+C139*E139*F139,2) -> 0 | H139: non-state
G140: =ROUND(+C140*E140*F140,2) -> 0 | H140: non-state
G141: =ROUND(+C141*E141*F141,2) -> 0 | H141: non-state
G142: =ROUND(+C142*E142*F142,2) -> 0 | H142: non-state
G143: =ROUND(+C143*E143*F143,2) -> 0 | H143: non-state
G144: =ROUND(+C144*E144*F144,2) -> 0 | H144: non-state
G145: =ROUND(+C145*E145*F145,2) -> 0 | H145: non-state
G146: =ROUND(+C146*E146*F146,2) -> 0 | H146: non-state
G147: =ROUND(+C147*E147*F147,2) -> 0 | H147: non-state
G148: =ROUND(+C148*E148*F148,2) -> 0 | H148: non-state
... G266: =ROUND(+C266*E266*F266,2) -> 0 | H266: non-state
F267: NON-State Total | G267: =ROUND(SUBTOTAL(109,G136:G266),2) -> 0 | H267: non-state | J267: If you need additional rows, there are rows you can unhide
H268: keep
D269: Total Direct Administrative Costs | G269: =+G267+G135 -> 0 | H269: keep | J269: This rows adds State & Non-State Totals
H270: keep
A271: Direct Administrative Narrative (State): | H271: state | J271: Give a brief description of items that you are claiming
H272: state | J272: To add information on a new line, hold the Alt key and hit Enter. To change the row height, right click on the row number off to the left of the spreadsheet, then click on Row Height
H273: non-state
A274: Direct Administrative Narrative (Non-State) i.e. "Match" or "Other Funding" | H274: non-state | J274: Give a brief description of items that you are claiming
H275: non-state | J275: To add information on a new line, hold the Alt key and hit Enter. To change the row height, right click on the row number off to the left of the spreadsheet, then click on Row Height

Sheet Miscellaneous (other) Costs
A1: Section C - Budget Worksheet & Narrative | F1: =+'Section A'!$B$2 -> GRANTEE | G1: Filter | I1: ENTER NEW BUDGET AMOUNT IN THIS SHEET, NOT THE MODIFICATION AMOUNT
A2: 14). Other or Miscellaneous Costs --This category contains items not included in the previous categories. List items by type of material or nature of expense, break down costs by quantity and cost per unit if applicable, state the necessity of other costs for successful completion of the project and exclude unallowable costs (e.g.. Printing, Memberships & subscriptions, recruiting costs, etc.) | G2: keep
G3: keep
A4: Description | B4: Quantity | C4: Basis | D4: Cost | E4: Length of time | F4: Other or Miscellaneous Cost | G4: keep | I4: Length of time=# of units of Basis
A5: PY2026 Barrier Reduction Funds 50 each $600.00 1 $30,000.00 Performance Based Stipends 50 hrs $13.00 200 $130,000.00 Program Marketing 12 each $700.00 1 $8,400.00 Open house events 4 each $50.00 1 $200.00 Career Fairs 1 each $150.00 1 $150.00 Shuttle Bus 4 each $200.00 1 $800.00 | F5: =ROUND(+B5*D5*E5,2) -> 0 | G5: state
F6: =ROUND(+B6*D6*E6,2) -> 0 | G6: state
A7: PY2027 | F7: =ROUND(+B7*D7*E7,2) -> 0 | G7: state
A8: Barrier Reduction Funds | B8: 50 | C8: each | D8: 600 | E8: 1 | F8: =ROUND(+B8*D8*E8,2) -> 30000 | G8: state
A9: Performance Based Stipends | B9: 50 | C9: hrs | D9: 13 | E9: 200 | F9: =ROUND(+B9*D9*E9,2) -> 130000 | G9: state
A10: Program Marketing | B10: 12 | C10: each | D10: 700 | E10: 1 | F10: =ROUND(+B10*D10*E10,2) -> 8400 | G10: state
A11: Open house events | B11: 4 | C11: each | D11: 50 | E11: 1 | F11: =ROUND(+B11*D11*E11,2) -> 200 | G11: state
A12: Career Fairs | B12: 1 | C12: each | D12: 150 | E12: 1 | F12: =ROUND(+B12*D12*E12,2) -> 150 | G12: state
A13: Shuttle Bus | B13: 4 | C13: each | D13: 200 | E13: 1 | F13: =ROUND(+B13*D13*E13,2) -> 800 | G13: state
F14: =ROUND(+B14*D14*E14,2) -> 0 | G14: state
F15: =ROUND(+B15*D15*E15,2) -> 0 | G15: state
F16: =ROUND(+B16*D16*E16,2) -> 0 | G16: state
F17: =ROUND(+B17*D17*E17,2) -> 0 | G17: state
F18: =ROUND(+B18*D18*E18,2) -> 0 | G18: state
F19: =ROUND(+B19*D19*E19,2) -> 0 | G19: state
F20: =ROUND(+B20*D20*E20,2) -> 0 | G20: state
F21: =ROUND(+B21*D21*E21,2) -> 0 | G21: state
F22: =ROUND(+B22*D22*E22,2) -> 0 | G22: state
F23: =ROUND(+B23*D23*E23,2) -> 0 | G23: state
F24: =ROUND(+B24*D24*E24,2) -> 0 | G24: state
F25: =ROUND(+B25*D25*E25,2) -> 0 | G25: state
... F134: =ROUND(+B134*D134*E134,2) -> 0 | G134: state
E135: State Total | F135: =ROUND(SUBTOTAL(109,F5:F134),2) -> 169550 | G135: state | I135: If you need additional rows, there are rows you can unhide
G136: non-state
F137: =ROUND(+B137*D137*E137,2) -> 0 | G137: non-state
F138: =ROUND(+B138*D138*E138,2) -> 0 | G138: non-state
F139: =ROUND(+B139*D139*E139,2) -> 0 | G139: non-state
F140: =ROUND(+B140*D140*E140,2) -> 0 | G140: non-state
F141: =ROUND(+B141*D141*E141,2) -> 0 | G141: non-state
F142: =ROUND(+B142*D142*E142,2) -> 0 | G142: non-state
F143: =ROUND(+B143*D143*E143,2) -> 0 | G143: non-state
F144: =ROUND(+B144*D144*E144,2) -> 0 | G144: non-state
F145: =ROUND(+B145*D145*E145,2) -> 0 | G145: non-state
F146: =ROUND(+B146*D146*E146,2) -> 0 | G146: non-state
F147: =ROUND(+B147*D147*E147,2) -> 0 | G147: non-state
F148: =ROUND(+B148*D148*E148,2) -> 0 | G148: non-state
... F266: =ROUND(+B266*D266*E266,2) -> 0 | G266: non-state
E267: NON-State Total | F267: =ROUND(SUBTOTAL(109,F136:F266),2) -> 0 | G267: non-state | I267: If you need additional rows, there are rows you can unhide
G268: keep
C269: Total Other Costs | F269: =+F267+F135 -> 169550 | G269: keep | I269: This rows adds State & Non-State Totals
G270: keep
A271: Other Costs Narrative (State): | G271: state | I271: Give a brief description of items that you are claiming
A272: The Barrier Reduction Fund (BRF) is to provide Wrap-Around Services, Student Support Services, and Transition services as required by the Office of Illinois Works. The BRF is budgeted at an average of $600 per participant, accounting for varying levels of need. Performance-Based Stipend: Stipends are required by the Office of Illinois Works to be based on instructional hours per the ILW approved stipend policy. Stipends are calculated at $13.00 per hour for 200 hours for 50 participants. Stipends are performance-based. Program Marketing is required to achieve the recruitment goals identified in the grant application. Marketing campaigns will be continous throughout the year at an average of $700 per month. Open house events including graduations. Expenses include XXXX at an average of $XX per event. Career Fairs for the purpose of engaging program graduates and current program participants in continuing their pursuit of enrollment into a DOL Registered Apprenticeship Program. Transition Service Coordinator will coordinate at least one Career Fair a year with the ILW Career Services Team. Expenses include table and chair rental at an average of $XX per event. Shuttle Bus - buses will be used to transport ILWPP participants to job sites as required by the ILWPP in order for the participants to experience hands-on construction site learning. There will be an average of 4 trips at an average of $200 for each trip. | G272: state | I272: To add information on a new line, hold the Alt key and hit Enter. To change the row height, right click on the row number off to the left of the spreadsheet, then click on Row Height
G273: non-state
A274: Other Cost Narrative (Non-State) i.e. "Match" or "Other Funding" | G274: non-state | I274: Give a brief description of items that you are claiming
G275: non-state | I275: To add information on a new line, hold the Alt key and hit Enter. To change the row height, right click on the row number off to the left of the spreadsheet, then click on Row Height

Sheet 15A
A1: Section C - Budget Worksheet & Narrative | F1: =+'Section A'!$B$2 -> GRANTEE | G1: Filter | I1: ENTER NEW BUDGET AMOUNT IN THIS SHEET, NOT THE MODIFICATION AMOUNT
A2: 15A. | B2: GRANT EXCLUSIVE LINE ITEM
A3: Costs directly related to the service or activity of the program that is an integral line item for budgetary purposes. To use this budgetary line item, an applicant must have Program approval. (Please cite reference per statute for unique costs directly related to the service or activity of the program). | G3: keep
G4: keep
A5: Description | B5: Quantity | C5: Basis | D5: Cost | E5: Length of time | F5: Total Cost | G5: keep | I5: Length of time=# of units of Basis
A6: Description | B6: 3 | C6: month | D6: 204188.13 | E6: 7 | F6: =ROUND(+B6*D6*E6,2) -> 4287950.7 | G6: state
A7: Description1 | B7: 3 | C7: month | D7: 250887.88 | E7: 7 | F7: =ROUND(+B7*D7*E7,2) -> 5268645.4 | G7: state
A8: Description2 | B8: 3 | C8: month | D8: 367999.3 | E8: 7 | F8: =ROUND(+B8*D8*E8,2) -> 7727985.3 | G8: state
F9: =ROUND(+B9*D9*E9,2) -> 0 | G9: state
F10: =ROUND(+B10*D10*E10,2) -> 0 | G10: state
F11: =ROUND(+B11*D11*E11,2) -> 0 | G11: state
F12: =ROUND(+B12*D12*E12,2) -> 0 | G12: state
F13: =ROUND(+B13*D13*E13,2) -> 0 | G13: state
F14: =ROUND(+B14*D14*E14,2) -> 0 | G14: state
F15: =ROUND(+B15*D15*E15,2) -> 0 | G15: state
F16: =ROUND(+B16*D16*E16,2) -> 0 | G16: state
F17: =ROUND(+B17*D17*E17,2) -> 0 | G17: state
F18: =ROUND(+B18*D18*E18,2) -> 0 | G18: state
F19: =ROUND(+B19*D19*E19,2) -> 0 | G19: state
F20: =ROUND(+B20*D20*E20,2) -> 0 | G20: state
... F134: =ROUND(+B134*D134*E134,2) -> 0 | G134: state
A135: Description | B135: 3 | C135: month | D135: 34288.152 | E135: 7 | F135: =ROUND(+B135*D135*E135,2) -> 720051.2 | G135: state
E136: State Total | F136: =ROUND(SUBTOTAL(109,F6:F135),2) -> 18004633 | G136: state | I136: If you need additional rows, there are rows you can unhide
G137: non-state
A138: description | B138: 3 | C138: month | D138: 14003.976 | E138: 7 | F138: =ROUND(+B138*D138*E138,2) -> 294083.49 | G138: non-state
A139: Description1 | B139: 3 | C139: month | D139: 51851.446 | E139: 7 | F139: =ROUND(+B139*D139*E139,2) -> 1088880.4 | G139: non-state
A140: Description2 | B140: 3 | C140: month | D140: 351754.07 | E140: 7 | F140: =ROUND(+B140*D140*E140,2) -> 7386835.5 | G140: non-state
F141: =ROUND(+B141*D141*E141,2) -> 0 | G141: non-state
F142: =ROUND(+B142*D142*E142,2) -> 0 | G142: non-state
F143: =ROUND(+B143*D143*E143,2) -> 0 | G143: non-state
F144: =ROUND(+B144*D144*E144,2) -> 0 | G144: non-state
F145: =ROUND(+B145*D145*E145,2) -> 0 | G145: non-state
F146: =ROUND(+B146*D146*E146,2) -> 0 | G146: non-state
F147: =ROUND(+B147*D147*E147,2) -> 0 | G147: non-state
F148: =ROUND(+B148*D148*E148,2) -> 0 | G148: non-state
F149: =ROUND(+B149*D149*E149,2) -> 0 | G149: non-state
F150: =ROUND(+B150*D150*E150,2) -> 0 | G150: non-state
F151: =ROUND(+B151*D151*E151,2) -> 0 | G151: non-state
F152: =ROUND(+B152*D152*E152,2) -> 0 | G152: non-state
... F266: =ROUND(+B266*D266*E266,2) -> 0 | G266: non-state
A267: description | B267: 3 | C267: month | D267: 191003.48 | E267: 7 | F267: =ROUND(+B267*D267*E267,2) -> 4011073.1 | G267: non-state
E268: NON-State Total | F268: =ROUND(SUBTOTAL(109,F137:F267),2) -> 12780872 | G268: non-state | I268: If you need additional rows, there are rows you can unhide
G269: keep
C270: ="Total "&B2 -> Total GRANT EXCLUSIVE LINE ITEM | F270: =+F268+F136 -> 30785505 | G270: keep | I270: This rows adds State & Non-State Totals
G271: keep
A272: =B2&" Narrative (State):" -> GRANT EXCLUSIVE LINE ITEM Narrative (State): | G272: state | I272: Give a brief description of items that you are claiming
A273: apfosedipfoawei[opfd | G273: state | I273: To add information on a new line, hold the Alt key and hit Enter. To change the row height, right click on the row number off to the left of the spreadsheet, then click on Row Height
G274: non-state
A275: =B2&" Narrative (Non-State) i.e. Match or Other Funding" -> GRANT EXCLUSIVE LINE ITEM Narrative (Non-State) i.e. Match or Other Funding | G275: non-state | I275: Give a brief description of items that you are claiming
A276: 4903qt78908erug98wge | G276: non-state | I276: To add information on a new line, hold the Alt key and hit Enter. To change the row height, right click on the row number off to the left of the spreadsheet, then click on Row Height

Sheet 15B
A1: Section C - Budget Worksheet & Narrative | F1: =+'Section A'!$B$2 -> GRANTEE | G1: Filter | I1: ENTER NEW BUDGET AMOUNT IN THIS SHEET, NOT THE MODIFICATION AMOUNT
A2: 15B. | B2: GRANT EXCLUSIVE LINE ITEM
A3: Costs directly related to the service or activity of the program that is an integral line item for budgetary purposes. To use this budgetary line item, an applicant must have Program approval. (Please cite reference per statute for unique costs directly related to the service or activity of the program). | G3: keep
G4: keep
A5: Description | B5: Quantity | C5: Basis | D5: Cost | E5: Length of time | F5: Total Cost | G5: keep | I5: Length of time=# of units of Basis
A6: Description | B6: 3 | C6: month | D6: 195202.27 | E6: 7 | F6: =ROUND(+B6*D6*E6,2) -> 4099247.6 | G6: state
A7: Description1 | B7: 3 | C7: month | D7: 196261.76 | E7: 7 | F7: =ROUND(+B7*D7*E7,2) -> 4121496.9 | G7: state
A8: Description2 | B8: 3 | C8: month | D8: 36365.192 | E8: 7 | F8: =ROUND(+B8*D8*E8,2) -> 763669.03 | G8: state
F9: =ROUND(+B9*D9*E9,2) -> 0 | G9: state
F10: =ROUND(+B10*D10*E10,2) -> 0 | G10: state
F11: =ROUND(+B11*D11*E11,2) -> 0 | G11: state
F12: =ROUND(+B12*D12*E12,2) -> 0 | G12: state
F13: =ROUND(+B13*D13*E13,2) -> 0 | G13: state
F14: =ROUND(+B14*D14*E14,2) -> 0 | G14: state
F15: =ROUND(+B15*D15*E15,2) -> 0 | G15: state
F16: =ROUND(+B16*D16*E16,2) -> 0 | G16: state
F17: =ROUND(+B17*D17*E17,2) -> 0 | G17: state
F18: =ROUND(+B18*D18*E18,2) -> 0 | G18: state
F19: =ROUND(+B19*D19*E19,2) -> 0 | G19: state
F20: =ROUND(+B20*D20*E20,2) -> 0 | G20: state
... F134: =ROUND(+B134*D134*E134,2) -> 0 | G134: state
A135: Description | B135: 3 | C135: month | D135: 373426.58 | E135: 7 | F135: =ROUND(+B135*D135*E135,2) -> 7841958.2 | G135: state
E136: State Total | F136: =ROUND(SUBTOTAL(109,F6:F135),2) -> 16826372 | G136: state | I136: If you need additional rows, there are rows you can unhide
G137: non-state
A138: description | B138: 3 | C138: month | D138: 183827.8 | E138: 7 | F138: =ROUND(+B138*D138*E138,2) -> 3860383.7 | G138: non-state
A139: Description1 | B139: 3 | C139: month | D139: 125905.18 | E139: 7 | F139: =ROUND(+B139*D139*E139,2) -> 2644008.8 | G139: non-state
A140: Description2 | B140: 3 | C140: month | D140: 343134.15 | E140: 7 | F140: =ROUND(+B140*D140*E140,2) -> 7205817.2 | G140: non-state
F141: =ROUND(+B141*D141*E141,2) -> 0 | G141: non-state
F142: =ROUND(+B142*D142*E142,2) -> 0 | G142: non-state
F143: =ROUND(+B143*D143*E143,2) -> 0 | G143: non-state
F144: =ROUND(+B144*D144*E144,2) -> 0 | G144: non-state
F145: =ROUND(+B145*D145*E145,2) -> 0 | G145: non-state
F146: =ROUND(+B146*D146*E146,2) -> 0 | G146: non-state
F147: =ROUND(+B147*D147*E147,2) -> 0 | G147: non-state
F148: =ROUND(+B148*D148*E148,2) -> 0 | G148: non-state
F149: =ROUND(+B149*D149*E149,2) -> 0 | G149: non-state
F150: =ROUND(+B150*D150*E150,2) -> 0 | G150: non-state
F151: =ROUND(+B151*D151*E151,2) -> 0 | G151: non-state
F152: =ROUND(+B152*D152*E152,2) -> 0 | G152: non-state
... F266: =ROUND(+B266*D266*E266,2) -> 0 | G266: non-state
A267: description | B267: 3 | C267: month | D267: 173730.82 | E267: 7 | F267: =ROUND(+B267*D267*E267,2) -> 3648347.2 | G267: non-state
E268: NON-State Total | F268: =ROUND(SUBTOTAL(109,F137:F267),2) -> 17358557 | G268: non-state | I268: If you need additional rows, there are rows you can unhide
G269: keep
C270: ="Total "&B2 -> Total GRANT EXCLUSIVE LINE ITEM | F270: =+F268+F136 -> 34184929 | G270: keep | I270: This rows adds State & Non-State Totals
G271: keep
A272: =B2&" Narrative (State):" -> GRANT EXCLUSIVE LINE ITEM Narrative (State): | G272: state | I272: Give a brief description of items that you are claiming
A273: apfosedipfoawei[opfd | G273: state | I273: To add information on a new line, hold the Alt key and hit Enter. To change the row height, right click on the row number off to the left of the spreadsheet, then click on Row Height
G274: non-state
A275: =B2&" Narrative (Non-State) i.e. Match or Other Funding" -> GRANT EXCLUSIVE LINE ITEM Narrative (Non-State) i.e. Match or Other Funding | G275: non-state | I275: Give a brief description of items that you are claiming
A276: 4903qt78908erug98wge | G276: non-state | I276: To add information on a new line, hold the Alt key and hit Enter. To change the row height, right click on the row number off to the left of the spreadsheet, then click on Row Height

Sheet 15C
A1: Section C - Budget Worksheet & Narrative | F1: =+'Section A'!$B$2 -> GRANTEE | G1: Filter | I1: ENTER NEW BUDGET AMOUNT IN THIS SHEET, NOT THE MODIFICATION AMOUNT
A2: 15C. | B2: GRANT EXCLUSIVE LINE ITEM
A3: Costs directly related to the service or activity of the program that is an integral line item for budgetary purposes. To use this budgetary line item, an applicant must have Program approval. (Please cite reference per statute for unique costs directly related to the service or activity of the program). | G3: keep
G4: keep
A5: Description | B5: Quantity | C5: Basis | D5: Cost | E5: Length of time | F5: Total Cost | G5: keep | I5: Length of time=# of units of Basis
A6: Description | B6: 3 | C6: month | D6: 141069.24 | E6: 7 | F6: =ROUND(+B6*D6*E6,2) -> 2962454 | G6: state
A7: Description1 | B7: 3 | C7: month | D7: 252824.48 | E7: 7 | F7: =ROUND(+B7*D7*E7,2) -> 5309314 | G7: state
A8: Description2 | B8: 3 | C8: month | D8: 325404.08 | E8: 7 | F8: =ROUND(+B8*D8*E8,2) -> 6833485.8 | G8: state
F9: =ROUND(+B9*D9*E9,2) -> 0 | G9: state
F10: =ROUND(+B10*D10*E10,2) -> 0 | G10: state
F11: =ROUND(+B11*D11*E11,2) -> 0 | G11: state
F12: =ROUND(+B12*D12*E12,2) -> 0 | G12: state
F13: =ROUND(+B13*D13*E13,2) -> 0 | G13: state
F14: =ROUND(+B14*D14*E14,2) -> 0 | G14: state
F15: =ROUND(+B15*D15*E15,2) -> 0 | G15: state
F16: =ROUND(+B16*D16*E16,2) -> 0 | G16: state
F17: =ROUND(+B17*D17*E17,2) -> 0 | G17: state
F18: =ROUND(+B18*D18*E18,2) -> 0 | G18: state
F19: =ROUND(+B19*D19*E19,2) -> 0 | G19: state
F20: =ROUND(+B20*D20*E20,2) -> 0 | G20: state
... F134: =ROUND(+B134*D134*E134,2) -> 0 | G134: state
A135: Description | B135: 3 | C135: month | D135: 12840.447 | E135: 7 | F135: =ROUND(+B135*D135*E135,2) -> 269649.4 | G135: state
E136: State Total | F136: =ROUND(SUBTOTAL(109,F6:F135),2) -> 15374903 | G136: state | I136: If you need additional rows, there are rows you can unhide
G137: non-state
A138: description | B138: 3 | C138: month | D138: 88148.423 | E138: 7 | F138: =ROUND(+B138*D138*E138,2) -> 1851116.9 | G138: non-state
A139: Description1 | B139: 3 | C139: month | D139: 142478.3 | E139: 7 | F139: =ROUND(+B139*D139*E139,2) -> 2992044.3 | G139: non-state
A140: Description2 | B140: 3 | C140: month | D140: 92870.358 | E140: 7 | F140: =ROUND(+B140*D140*E140,2) -> 1950277.5 | G140: non-state
F141: =ROUND(+B141*D141*E141,2) -> 0 | G141: non-state
F142: =ROUND(+B142*D142*E142,2) -> 0 | G142: non-state
F143: =ROUND(+B143*D143*E143,2) -> 0 | G143: non-state
F144: =ROUND(+B144*D144*E144,2) -> 0 | G144: non-state
F145: =ROUND(+B145*D145*E145,2) -> 0 | G145: non-state
F146: =ROUND(+B146*D146*E146,2) -> 0 | G146: non-state
F147: =ROUND(+B147*D147*E147,2) -> 0 | G147: non-state
F148: =ROUND(+B148*D148*E148,2) -> 0 | G148: non-state
F149: =ROUND(+B149*D149*E149,2) -> 0 | G149: non-state
F150: =ROUND(+B150*D150*E150,2) -> 0 | G150: non-state
F151: =ROUND(+B151*D151*E151,2) -> 0 | G151: non-state
F152: =ROUND(+B152*D152*E152,2) -> 0 | G152: non-state
... F266: =ROUND(+B266*D266*E266,2) -> 0 | G266: non-state
A267: description | B267: 3 | C267: month | D267: 10994.972 | E267: 7 | F267: =ROUND(+B267*D267*E267,2) -> 230894.42 | G267: non-state
E268: NON-State Total | F268: =ROUND(SUBTOTAL(109,F137:F267),2) -> 7024333.1 | G268: non-state | I268: If you need additional rows, there are rows you can unhide
G269: keep
C270: ="Total "&B2 -> Total GRANT EXCLUSIVE LINE ITEM | F270: =+F268+F136 -> 22399236 | G270: keep | I270: This rows adds State & Non-State Totals
G271: keep
A272: =B2&" Narrative (State):" -> GRANT EXCLUSIVE LINE ITEM Narrative (State): | G272: state | I272: Give a brief description of items that you are claiming
A273: apfosedipfoawei[opfd | G273: state | I273: To add information on a new line, hold the Alt key and hit Enter. To change the row height, right click on the row number off to the left of the spreadsheet, then click on Row Height
G274: non-state
A275: =B2&" Narrative (Non-State) i.e. Match or Other Funding" -> GRANT EXCLUSIVE LINE ITEM Narrative (Non-State) i.e. Match or Other Funding | G275: non-state | I275: Give a brief description of items that you are claiming
A276: 4903qt78908erug98wge | G276: non-state | I276: To add information on a new line, hold the Alt key and hit Enter. To change the row height, right click on the row number off to the left of the spreadsheet, then click on Row Height

Sheet 15D
A1: Section C - Budget Worksheet & Narrative | F1: =+'Section A'!$B$2 -> GRANTEE | G1: Filter | I1: ENTER NEW BUDGET AMOUNT IN THIS SHEET, NOT THE MODIFICATION AMOUNT
A2: 15D. | B2: GRANT EXCLUSIVE LINE ITEM
A3: Costs directly related to the service or activity of the program that is an integral line item for budgetary purposes. To use this budgetary line item, an applicant must have Program approval. (Please cite reference per statute for unique costs directly related to the service or activity of the program). | G3: keep
G4: keep
A5: Description | B5: Quantity | C5: Basis | D5: Cost | E5: Length of time | F5: Total Cost | G5: keep | I5: Length of time=# of units of Basis
A6: Description | B6: 3 | C6: month | D6: 284891.09 | E6: 7 | F6: =ROUND(+B6*D6*E6,2) -> 5982712.8 | G6: state
A7: Description1 | B7: 3 | C7: month | D7: 243370.37 | E7: 7 | F7: =ROUND(+B7*D7*E7,2) -> 5110777.9 | G7: state
A8: Description2 | B8: 3 | C8: month | D8: 258055.29 | E8: 7 | F8: =ROUND(+B8*D8*E8,2) -> 5419161.1 | G8: state
F9: =ROUND(+B9*D9*E9,2) -> 0 | G9: state
F10: =ROUND(+B10*D10*E10,2) -> 0 | G10: state
F11: =ROUND(+B11*D11*E11,2) -> 0 | G11: state
F12: =ROUND(+B12*D12*E12,2) -> 0 | G12: state
F13: =ROUND(+B13*D13*E13,2) -> 0 | G13: state
F14: =ROUND(+B14*D14*E14,2) -> 0 | G14: state
F15: =ROUND(+B15*D15*E15,2) -> 0 | G15: state
F16: =ROUND(+B16*D16*E16,2) -> 0 | G16: state
F17: =ROUND(+B17*D17*E17,2) -> 0 | G17: state
F18: =ROUND(+B18*D18*E18,2) -> 0 | G18: state
F19: =ROUND(+B19*D19*E19,2) -> 0 | G19: state
F20: =ROUND(+B20*D20*E20,2) -> 0 | G20: state
... F134: =ROUND(+B134*D134*E134,2) -> 0 | G134: state
A135: Description | B135: 3 | C135: month | D135: 354438.37 | E135: 7 | F135: =ROUND(+B135*D135*E135,2) -> 7443205.8 | G135: state
E136: State Total | F136: =ROUND(SUBTOTAL(109,F6:F135),2) -> 23955858 | G136: state | I136: If you need additional rows, there are rows you can unhide
G137: non-state
A138: description | B138: 3 | C138: month | D138: 303985.86 | E138: 7 | F138: =ROUND(+B138*D138*E138,2) -> 6383703 | G138: non-state
A139: Description1 | B139: 3 | C139: month | D139: 325709.2 | E139: 7 | F139: =ROUND(+B139*D139*E139,2) -> 6839893.3 | G139: non-state
A140: Description2 | B140: 3 | C140: month | D140: 94711.142 | E140: 7 | F140: =ROUND(+B140*D140*E140,2) -> 1988934 | G140: non-state
F141: =ROUND(+B141*D141*E141,2) -> 0 | G141: non-state
F142: =ROUND(+B142*D142*E142,2) -> 0 | G142: non-state
F143: =ROUND(+B143*D143*E143,2) -> 0 | G143: non-state
F144: =ROUND(+B144*D144*E144,2) -> 0 | G144: non-state
F145: =ROUND(+B145*D145*E145,2) -> 0 | G145: non-state
F146: =ROUND(+B146*D146*E146,2) -> 0 | G146: non-state
F147: =ROUND(+B147*D147*E147,2) -> 0 | G147: non-state
F148: =ROUND(+B148*D148*E148,2) -> 0 | G148: non-state
F149: =ROUND(+B149*D149*E149,2) -> 0 | G149: non-state
F150: =ROUND(+B150*D150*E150,2) -> 0 | G150: non-state
F151: =ROUND(+B151*D151*E151,2) -> 0 | G151: non-state
F152: =ROUND(+B152*D152*E152,2) -> 0 | G152: non-state
... F266: =ROUND(+B266*D266*E266,2) -> 0 | G266: non-state
A267: description | B267: 3 | C267: month | D267: 148237.06 | E267: 7 | F267: =ROUND(+B267*D267*E267,2) -> 3112978.3 | G267: non-state
E268: NON-State Total | F268: =ROUND(SUBTOTAL(109,F137:F267),2) -> 18325509 | G268: non-state | I268: If you need additional rows, there are rows you can unhide
G269: keep
C270: ="Total "&B2 -> Total GRANT EXCLUSIVE LINE ITEM | F270: =+F268+F136 -> 42281366 | G270: keep | I270: This rows adds State & Non-State Totals
G271: keep
A272: =B2&" Narrative (State):" -> GRANT EXCLUSIVE LINE ITEM Narrative (State): | G272: state | I272: Give a brief description of items that you are claiming
A273: apfosedipfoawei[opfd | G273: state | I273: To add information on a new line, hold the Alt key and hit Enter. To change the row height, right click on the row number off to the left of the spreadsheet, then click on Row Height
G274: non-state
A275: =B2&" Narrative (Non-State) i.e. Match or Other Funding" -> GRANT EXCLUSIVE LINE ITEM Narrative (Non-State) i.e. Match or Other Funding | G275: non-state | I275: Give a brief description of items that you are claiming
A276: 4903qt78908erug98wge | G276: non-state | I276: To add information on a new line, hold the Alt key and hit Enter. To change the row height, right click on the row number off to the left of the spreadsheet, then click on Row Height

Sheet 15E
A1: Section C - Budget Worksheet & Narrative | F1: =+'Section A'!$B$2 -> GRANTEE | G1: Filter | I1: ENTER NEW BUDGET AMOUNT IN THIS SHEET, NOT THE MODIFICATION AMOUNT
A2: 15E. | B2: GRANT EXCLUSIVE LINE ITEM
A3: Costs directly related to the service or activity of the program that is an integral line item for budgetary purposes. To use this budgetary line item, an applicant must have Program approval. (Please cite reference per statute for unique costs directly related to the service or activity of the program). | G3: keep
G4: keep
A5: Description | B5: Quantity | C5: Basis | D5: Cost | E5: Length of time | F5: Total Cost | G5: keep | I5: Length of time=# of units of Basis
A6: Description | B6: 3 | C6: month | D6: 274088.87 | E6: 7 | F6: =ROUND(+B6*D6*E6,2) -> 5755866.3 | G6: state
A7: Description1 | B7: 3 | C7: month | D7: 311654.7 | E7: 7 | F7: =ROUND(+B7*D7*E7,2) -> 6544748.7 | G7: state
A8: Description2 | B8: 3 | C8: month | D8: 173340.48 | E8: 7 | F8: =ROUND(+B8*D8*E8,2) -> 3640150.1 | G8: state
F9: =ROUND(+B9*D9*E9,2) -> 0 | G9: state
F10: =ROUND(+B10*D10*E10,2) -> 0 | G10: state
F11: =ROUND(+B11*D11*E11,2) -> 0 | G11: state
F12: =ROUND(+B12*D12*E12,2) -> 0 | G12: state
F13: =ROUND(+B13*D13*E13,2) -> 0 | G13: state
F14: =ROUND(+B14*D14*E14,2) -> 0 | G14: state
F15: =ROUND(+B15*D15*E15,2) -> 0 | G15: state
F16: =ROUND(+B16*D16*E16,2) -> 0 | G16: state
F17: =ROUND(+B17*D17*E17,2) -> 0 | G17: state
F18: =ROUND(+B18*D18*E18,2) -> 0 | G18: state
F19: =ROUND(+B19*D19*E19,2) -> 0 | G19: state
F20: =ROUND(+B20*D20*E20,2) -> 0 | G20: state
... F134: =ROUND(+B134*D134*E134,2) -> 0 | G134: state
A135: Description | B135: 3 | C135: month | D135: 389815.36 | E135: 7 | F135: =ROUND(+B135*D135*E135,2) -> 8186122.5 | G135: state
E136: State Total | F136: =ROUND(SUBTOTAL(109,F6:F135),2) -> 24126888 | G136: state | I136: If you need additional rows, there are rows you can unhide
G137: non-state
A138: description | B138: 3 | C138: month | D138: 276326.38 | E138: 7 | F138: =ROUND(+B138*D138*E138,2) -> 5802854 | G138: non-state
A139: Description1 | B139: 3 | C139: month | D139: 395529.68 | E139: 7 | F139: =ROUND(+B139*D139*E139,2) -> 8306123.3 | G139: non-state
A140: Description2 | B140: 3 | C140: month | D140: 179017.05 | E140: 7 | F140: =ROUND(+B140*D140*E140,2) -> 3759358 | G140: non-state
F141: =ROUND(+B141*D141*E141,2) -> 0 | G141: non-state
F142: =ROUND(+B142*D142*E142,2) -> 0 | G142: non-state
F143: =ROUND(+B143*D143*E143,2) -> 0 | G143: non-state
F144: =ROUND(+B144*D144*E144,2) -> 0 | G144: non-state
F145: =ROUND(+B145*D145*E145,2) -> 0 | G145: non-state
F146: =ROUND(+B146*D146*E146,2) -> 0 | G146: non-state
F147: =ROUND(+B147*D147*E147,2) -> 0 | G147: non-state
F148: =ROUND(+B148*D148*E148,2) -> 0 | G148: non-state
F149: =ROUND(+B149*D149*E149,2) -> 0 | G149: non-state
F150: =ROUND(+B150*D150*E150,2) -> 0 | G150: non-state
F151: =ROUND(+B151*D151*E151,2) -> 0 | G151: non-state
F152: =ROUND(+B152*D152*E152,2) -> 0 | G152: non-state
... F266: =ROUND(+B266*D266*E266,2) -> 0 | G266: non-state
A267: description | B267: 3 | C267: month | D267: 311570.63 | E267: 7 | F267: =ROUND(+B267*D267*E267,2) -> 6542983.3 | G267: non-state
E268: NON-State Total | F268: =ROUND(SUBTOTAL(109,F137:F267),2) -> 24411319 | G268: non-state | I268: If you need additional rows, there are rows you can unhide
G269: keep
C270: ="Total "&B2 -> Total GRANT EXCLUSIVE LINE ITEM | F270: =+F268+F136 -> 48538206 | G270: keep | I270: This rows adds State & Non-State Totals
G271: keep
A272: =B2&" Narrative (State):" -> GRANT EXCLUSIVE LINE ITEM Narrative (State): | G272: state | I272: Give a brief description of items that you are claiming
A273: apfosedipfoawei[opfd | G273: state | I273: To add information on a new line, hold the Alt key and hit Enter. To change the row height, right click on the row number off to the left of the spreadsheet, then click on Row Height
G274: non-state
A275: =B2&" Narrative (Non-State) i.e. Match or Other Funding" -> GRANT EXCLUSIVE LINE ITEM Narrative (Non-State) i.e. Match or Other Funding | G275: non-state | I275: Give a brief description of items that you are claiming
A276: 4903qt78908erug98wge | G276: non-state | I276: To add information on a new line, hold the Alt key and hit Enter. To change the row height, right click on the row number off to the left of the spreadsheet, then click on Row Height

Sheet 15F
A1: Section C - Budget Worksheet & Narrative | F1: =+'Section A'!$B$2 -> GRANTEE | G1: Filter | I1: ENTER NEW BUDGET AMOUNT IN THIS SHEET, NOT THE MODIFICATION AMOUNT
A2: 15F. | B2: GRANT EXCLUSIVE LINE ITEM
A3: Costs directly related to the service or activity of the program that is an integral line item for budgetary purposes. To use this budgetary line item, an applicant must have Program approval. (Please cite reference per statute for unique costs directly related to the service or activity of the program). | G3: keep
G4: keep
A5: Description | B5: Quantity | C5: Basis | D5: Cost | E5: Length of time | F5: Total Cost | G5: keep | I5: Length of time=# of units of Basis
A6: Description | B6: 3 | C6: month | D6: 317604.01 | E6: 7 | F6: =ROUND(+B6*D6*E6,2) -> 6669684.2 | G6: state
A7: Description1 | B7: 3 | C7: month | D7: 125782.04 | E7: 7 | F7: =ROUND(+B7*D7*E7,2) -> 2641422.8 | G7: state
A8: Description2 | B8: 3 | C8: month | D8: 160255.95 | E8: 7 | F8: =ROUND(+B8*D8*E8,2) -> 3365374.9 | G8: state
F9: =ROUND(+B9*D9*E9,2) -> 0 | G9: state
F10: =ROUND(+B10*D10*E10,2) -> 0 | G10: state
F11: =ROUND(+B11*D11*E11,2) -> 0 | G11: state
F12: =ROUND(+B12*D12*E12,2) -> 0 | G12: state
F13: =ROUND(+B13*D13*E13,2) -> 0 | G13: state
F14: =ROUND(+B14*D14*E14,2) -> 0 | G14: state
F15: =ROUND(+B15*D15*E15,2) -> 0 | G15: state
F16: =ROUND(+B16*D16*E16,2) -> 0 | G16: state
F17: =ROUND(+B17*D17*E17,2) -> 0 | G17: state
F18: =ROUND(+B18*D18*E18,2) -> 0 | G18: state
F19: =ROUND(+B19*D19*E19,2) -> 0 | G19: state
F20: =ROUND(+B20*D20*E20,2) -> 0 | G20: state
... F134: =ROUND(+B134*D134*E134,2) -> 0 | G134: state
A135: Description | B135: 3 | C135: month | D135: 130435.66 | E135: 7 | F135: =ROUND(+B135*D135*E135,2) -> 2739148.9 | G135: state
E136: State Total | F136: =ROUND(SUBTOTAL(109,F6:F135),2) -> 15415631 | G136: state | I136: If you need additional rows, there are rows you can unhide
G137: non-state
A138: description | B138: 3 | C138: month | D138: 109096.57 | E138: 7 | F138: =ROUND(+B138*D138*E138,2) -> 2291028 | G138: non-state
A139: Description1 | B139: 3 | C139: month | D139: 199779.66 | E139: 7 | F139: =ROUND(+B139*D139*E139,2) -> 4195372.8 | G139: non-state
A140: Description2 | B140: 3 | C140: month | D140: 156739.96 | E140: 7 | F140: =ROUND(+B140*D140*E140,2) -> 3291539.1 | G140: non-state
F141: =ROUND(+B141*D141*E141,2) -> 0 | G141: non-state
F142: =ROUND(+B142*D142*E142,2) -> 0 | G142: non-state
F143: =ROUND(+B143*D143*E143,2) -> 0 | G143: non-state
F144: =ROUND(+B144*D144*E144,2) -> 0 | G144: non-state
F145: =ROUND(+B145*D145*E145,2) -> 0 | G145: non-state
F146: =ROUND(+B146*D146*E146,2) -> 0 | G146: non-state
F147: =ROUND(+B147*D147*E147,2) -> 0 | G147: non-state
F148: =ROUND(+B148*D148*E148,2) -> 0 | G148: non-state
F149: =ROUND(+B149*D149*E149,2) -> 0 | G149: non-state
F150: =ROUND(+B150*D150*E150,2) -> 0 | G150: non-state
F151: =ROUND(+B151*D151*E151,2) -> 0 | G151: non-state
F152: =ROUND(+B152*D152*E152,2) -> 0 | G152: non-state
... F266: =ROUND(+B266*D266*E266,2) -> 0 | G266: non-state
A267: description | B267: 3 | C267: month | D267: 222555.94 | E267: 7 | F267: =ROUND(+B267*D267*E267,2) -> 4673674.7 | G267: non-state
E268: NON-State Total | F268: =ROUND(SUBTOTAL(109,F137:F267),2) -> 14451615 | G268: non-state | I268: If you need additional rows, there are rows you can unhide
G269: keep
C270: ="Total "&B2 -> Total GRANT EXCLUSIVE LINE ITEM | F270: =+F268+F136 -> 29867245 | G270: keep | I270: This rows adds State & Non-State Totals
G271: keep
A272: =B2&" Narrative (State):" -> GRANT EXCLUSIVE LINE ITEM Narrative (State): | G272: state | I272: Give a brief description of items that you are claiming
A273: apfosedipfoawei[opfd | G273: state | I273: To add information on a new line, hold the Alt key and hit Enter. To change the row height, right click on the row number off to the left of the spreadsheet, then click on Row Height
G274: non-state
A275: =B2&" Narrative (Non-State) i.e. Match or Other Funding" -> GRANT EXCLUSIVE LINE ITEM Narrative (Non-State) i.e. Match or Other Funding | G275: non-state | I275: Give a brief description of items that you are claiming
A276: 4903qt78908erug98wge | G276: non-state | I276: To add information on a new line, hold the Alt key and hit Enter. To change the row height, right click on the row number off to the left of the spreadsheet, then click on Row Height

Sheet 15G
A1: Section C - Budget Worksheet & Narrative | F1: =+'Section A'!$B$2 -> GRANTEE | G1: Filter | I1: ENTER NEW BUDGET AMOUNT IN THIS SHEET, NOT THE MODIFICATION AMOUNT
A2: 15G. | B2: GRANT EXCLUSIVE LINE ITEM
A3: Costs directly related to the service or activity of the program that is an integral line item for budgetary purposes. To use this budgetary line item, an applicant must have Program approval. (Please cite reference per statute for unique costs directly related to the service or activity of the program). | G3: keep
G4: keep
A5: Description | B5: Quantity | C5: Basis | D5: Cost | E5: Length of time | F5: Total Cost | G5: keep | I5: Length of time=# of units of Basis
A6: Description | B6: 3 | C6: month | D6: 128427.17 | E6: 7 | F6: =ROUND(+B6*D6*E6,2) -> 2696970.5 | G6: state
A7: Description1 | B7: 3 | C7: month | D7: 1282.4733 | E7: 7 | F7: =ROUND(+B7*D7*E7,2) -> 26931.94 | G7: state
A8: Description2 | B8: 3 | C8: month | D8: 7361.329 | E8: 7 | F8: =ROUND(+B8*D8*E8,2) -> 154587.91 | G8: state
F9: =ROUND(+B9*D9*E9,2) -> 0 | G9: state
F10: =ROUND(+B10*D10*E10,2) -> 0 | G10: state
F11: =ROUND(+B11*D11*E11,2) -> 0 | G11: state
F12: =ROUND(+B12*D12*E12,2) -> 0 | G12: state
F13: =ROUND(+B13*D13*E13,2) -> 0 | G13: state
F14: =ROUND(+B14*D14*E14,2) -> 0 | G14: state
F15: =ROUND(+B15*D15*E15,2) -> 0 | G15: state
F16: =ROUND(+B16*D16*E16,2) -> 0 | G16: state
F17: =ROUND(+B17*D17*E17,2) -> 0 | G17: state
F18: =ROUND(+B18*D18*E18,2) -> 0 | G18: state
F19: =ROUND(+B19*D19*E19,2) -> 0 | G19: state
F20: =ROUND(+B20*D20*E20,2) -> 0 | G20: state
... F134: =ROUND(+B134*D134*E134,2) -> 0 | G134: state
A135: Description | B135: 3 | C135: month | D135: 386957.87 | E135: 7 | F135: =ROUND(+B135*D135*E135,2) -> 8126115.3 | G135: state
E136: State Total | F136: =ROUND(SUBTOTAL(109,F6:F135),2) -> 11004606 | G136: state | I136: If you need additional rows, there are rows you can unhide
G137: non-state
A138: description | B138: 3 | C138: month | D138: 174648.75 | E138: 7 | F138: =ROUND(+B138*D138*E138,2) -> 3667623.7 | G138: non-state
A139: Description1 | B139: 3 | C139: month | D139: 167991.52 | E139: 7 | F139: =ROUND(+B139*D139*E139,2) -> 3527821.9 | G139: non-state
A140: Description2 | B140: 3 | C140: month | D140: 107652.12 | E140: 7 | F140: =ROUND(+B140*D140*E140,2) -> 2260694.6 | G140: non-state
F141: =ROUND(+B141*D141*E141,2) -> 0 | G141: non-state
F142: =ROUND(+B142*D142*E142,2) -> 0 | G142: non-state
F143: =ROUND(+B143*D143*E143,2) -> 0 | G143: non-state
F144: =ROUND(+B144*D144*E144,2) -> 0 | G144: non-state
F145: =ROUND(+B145*D145*E145,2) -> 0 | G145: non-state
F146: =ROUND(+B146*D146*E146,2) -> 0 | G146: non-state
F147: =ROUND(+B147*D147*E147,2) -> 0 | G147: non-state
F148: =ROUND(+B148*D148*E148,2) -> 0 | G148: non-state
F149: =ROUND(+B149*D149*E149,2) -> 0 | G149: non-state
F150: =ROUND(+B150*D150*E150,2) -> 0 | G150: non-state
F151: =ROUND(+B151*D151*E151,2) -> 0 | G151: non-state
F152: =ROUND(+B152*D152*E152,2) -> 0 | G152: non-state
... F266: =ROUND(+B266*D266*E266,2) -> 0 | G266: non-state
A267: description | B267: 3 | C267: month | D267: 78381.174 | E267: 7 | F267: =ROUND(+B267*D267*E267,2) -> 1646004.6 | G267: non-state
E268: NON-State Total | F268: =ROUND(SUBTOTAL(109,F137:F267),2) -> 11102145 | G268: non-state | I268: If you need additional rows, there are rows you can unhide
G269: keep
C270: ="Total "&B2 -> Total GRANT EXCLUSIVE LINE ITEM | F270: =+F268+F136 -> 22106750 | G270: keep | I270: This rows adds State & Non-State Totals
G271: keep
A272: =B2&" Narrative (State):" -> GRANT EXCLUSIVE LINE ITEM Narrative (State): | G272: state | I272: Give a brief description of items that you are claiming
A273: apfosedipfoawei[opfd | G273: state | I273: To add information on a new line, hold the Alt key and hit Enter. To change the row height, right click on the row number off to the left of the spreadsheet, then click on Row Height
G274: non-state
A275: =B2&" Narrative (Non-State) i.e. Match or Other Funding" -> GRANT EXCLUSIVE LINE ITEM Narrative (Non-State) i.e. Match or Other Funding | G275: non-state | I275: Give a brief description of items that you are claiming
A276: 4903qt78908erug98wge | G276: non-state | I276: To add information on a new line, hold the Alt key and hit Enter. To change the row height, right click on the row number off to the left of the spreadsheet, then click on Row Height

Sheet 15H
A1: Section C - Budget Worksheet & Narrative | F1: =+'Section A'!$B$2 -> GRANTEE | G1: Filter | I1: ENTER NEW BUDGET AMOUNT IN THIS SHEET, NOT THE MODIFICATION AMOUNT
A2: 15H. | B2: GRANT EXCLUSIVE LINE ITEM
A3: Costs directly related to the service or activity of the program that is an integral line item for budgetary purposes. To use this budgetary line item, an applicant must have Program approval. (Please cite reference per statute for unique costs directly related to the service or activity of the program). | G3: keep
G4: keep
A5: Description | B5: Quantity | C5: Basis | D5: Cost | E5: Length of time | F5: Total Cost | G5: keep | I5: Length of time=# of units of Basis
A6: Description | B6: 3 | C6: month | D6: 182666.33 | E6: 7 | F6: =ROUND(+B6*D6*E6,2) -> 3835992.9 | G6: state
A7: Description1 | B7: 3 | C7: month | D7: 337040.36 | E7: 7 | F7: =ROUND(+B7*D7*E7,2) -> 7077847.5 | G7: state
A8: Description2 | B8: 3 | C8: month | D8: 82822.531 | E8: 7 | F8: =ROUND(+B8*D8*E8,2) -> 1739273.2 | G8: state
F9: =ROUND(+B9*D9*E9,2) -> 0 | G9: state
F10: =ROUND(+B10*D10*E10,2) -> 0 | G10: state
F11: =ROUND(+B11*D11*E11,2) -> 0 | G11: state
F12: =ROUND(+B12*D12*E12,2) -> 0 | G12: state
F13: =ROUND(+B13*D13*E13,2) -> 0 | G13: state
F14: =ROUND(+B14*D14*E14,2) -> 0 | G14: state
F15: =ROUND(+B15*D15*E15,2) -> 0 | G15: state
F16: =ROUND(+B16*D16*E16,2) -> 0 | G16: state
F17: =ROUND(+B17*D17*E17,2) -> 0 | G17: state
F18: =ROUND(+B18*D18*E18,2) -> 0 | G18: state
F19: =ROUND(+B19*D19*E19,2) -> 0 | G19: state
F20: =ROUND(+B20*D20*E20,2) -> 0 | G20: state
... F134: =ROUND(+B134*D134*E134,2) -> 0 | G134: state
A135: Description | B135: 3 | C135: month | D135: 347508.04 | E135: 7 | F135: =ROUND(+B135*D135*E135,2) -> 7297668.9 | G135: state
E136: State Total | F136: =ROUND(SUBTOTAL(109,F6:F135),2) -> 19950782 | G136: state | I136: If you need additional rows, there are rows you can unhide
G137: non-state
A138: description | B138: 3 | C138: month | D138: 197803.31 | E138: 7 | F138: =ROUND(+B138*D138*E138,2) -> 4153869.5 | G138: non-state
A139: Description1 | B139: 3 | C139: month | D139: 301743.3 | E139: 7 | F139: =ROUND(+B139*D139*E139,2) -> 6336609.3 | G139: non-state
A140: Description2 | B140: 3 | C140: month | D140: 154806.97 | E140: 7 | F140: =ROUND(+B140*D140*E140,2) -> 3250946.4 | G140: non-state
F141: =ROUND(+B141*D141*E141,2) -> 0 | G141: non-state
F142: =ROUND(+B142*D142*E142,2) -> 0 | G142: non-state
F143: =ROUND(+B143*D143*E143,2) -> 0 | G143: non-state
F144: =ROUND(+B144*D144*E144,2) -> 0 | G144: non-state
F145: =ROUND(+B145*D145*E145,2) -> 0 | G145: non-state
F146: =ROUND(+B146*D146*E146,2) -> 0 | G146: non-state
F147: =ROUND(+B147*D147*E147,2) -> 0 | G147: non-state
F148: =ROUND(+B148*D148*E148,2) -> 0 | G148: non-state
F149: =ROUND(+B149*D149*E149,2) -> 0 | G149: non-state
F150: =ROUND(+B150*D150*E150,2) -> 0 | G150: non-state
F151: =ROUND(+B151*D151*E151,2) -> 0 | G151: non-state
F152: =ROUND(+B152*D152*E152,2) -> 0 | G152: non-state
... F266: =ROUND(+B266*D266*E266,2) -> 0 | G266: non-state
A267: description | B267: 3 | C267: month | D267: 141961.36 | E267: 7 | F267: =ROUND(+B267*D267*E267,2) -> 2981188.6 | G267: non-state
E268: NON-State Total | F268: =ROUND(SUBTOTAL(109,F137:F267),2) -> 16722614 | G268: non-state | I268: If you need additional rows, there are rows you can unhide
G269: keep
C270: ="Total "&B2 -> Total GRANT EXCLUSIVE LINE ITEM | F270: =+F268+F136 -> 36673396 | G270: keep | I270: This rows adds State & Non-State Totals
G271: keep
A272: =B2&" Narrative (State):" -> GRANT EXCLUSIVE LINE ITEM Narrative (State): | G272: state | I272: Give a brief description of items that you are claiming
A273: apfosedipfoawei[opfd | G273: state | I273: To add information on a new line, hold the Alt key and hit Enter. To change the row height, right click on the row number off to the left of the spreadsheet, then click on Row Height
G274: non-state
A275: =B2&" Narrative (Non-State) i.e. Match or Other Funding" -> GRANT EXCLUSIVE LINE ITEM Narrative (Non-State) i.e. Match or Other Funding | G275: non-state | I275: Give a brief description of items that you are claiming
A276: 4903qt78908erug98wge | G276: non-state | I276: To add information on a new line, hold the Alt key and hit Enter. To change the row height, right click on the row number off to the left of the spreadsheet, then click on Row Height

Sheet 15I
A1: Section C - Budget Worksheet & Narrative | F1: =+'Section A'!$B$2 -> GRANTEE | G1: Filter | I1: ENTER NEW BUDGET AMOUNT IN THIS SHEET, NOT THE MODIFICATION AMOUNT
A2: 15I. | B2: GRANT EXCLUSIVE LINE ITEM
A3: Costs directly related to the service or activity of the program that is an integral line item for budgetary purposes. To use this budgetary line item, an applicant must have Program approval. (Please cite reference per statute for unique costs directly related to the service or activity of the program). | G3: keep
G4: keep
A5: Description | B5: Quantity | C5: Basis | D5: Cost | E5: Length of time | F5: Total Cost | G5: keep | I5: Length of time=# of units of Basis
A6: Description | B6: 3 | C6: month | D6: 16974.756 | E6: 7 | F6: =ROUND(+B6*D6*E6,2) -> 356469.87 | G6: state
A7: Description1 | B7: 3 | C7: month | D7: 15068.373 | E7: 7 | F7: =ROUND(+B7*D7*E7,2) -> 316435.83 | G7: state
A8: Description2 | B8: 3 | C8: month | D8: 281633 | E8: 7 | F8: =ROUND(+B8*D8*E8,2) -> 5914293 | G8: state
F9: =ROUND(+B9*D9*E9,2) -> 0 | G9: state
F10: =ROUND(+B10*D10*E10,2) -> 0 | G10: state
F11: =ROUND(+B11*D11*E11,2) -> 0 | G11: state
F12: =ROUND(+B12*D12*E12,2) -> 0 | G12: state
F13: =ROUND(+B13*D13*E13,2) -> 0 | G13: state
F14: =ROUND(+B14*D14*E14,2) -> 0 | G14: state
F15: =ROUND(+B15*D15*E15,2) -> 0 | G15: state
F16: =ROUND(+B16*D16*E16,2) -> 0 | G16: state
F17: =ROUND(+B17*D17*E17,2) -> 0 | G17: state
F18: =ROUND(+B18*D18*E18,2) -> 0 | G18: state
F19: =ROUND(+B19*D19*E19,2) -> 0 | G19: state
F20: =ROUND(+B20*D20*E20,2) -> 0 | G20: state
... F134: =ROUND(+B134*D134*E134,2) -> 0 | G134: state
A135: Description | B135: 3 | C135: month | D135: 329692.11 | E135: 7 | F135: =ROUND(+B135*D135*E135,2) -> 6923534.2 | G135: state
E136: State Total | F136: =ROUND(SUBTOTAL(109,F6:F135),2) -> 13510733 | G136: state | I136: If you need additional rows, there are rows you can unhide
G137: non-state
A138: description | B138: 3 | C138: month | D138: 386094.63 | E138: 7 | F138: =ROUND(+B138*D138*E138,2) -> 8107987.2 | G138: non-state
A139: Description1 | B139: 3 | C139: month | D139: 58906.607 | E139: 7 | F139: =ROUND(+B139*D139*E139,2) -> 1237038.8 | G139: non-state
A140: Description2 | B140: 3 | C140: month | D140: 136409.1 | E140: 7 | F140: =ROUND(+B140*D140*E140,2) -> 2864591 | G140: non-state
F141: =ROUND(+B141*D141*E141,2) -> 0 | G141: non-state
F142: =ROUND(+B142*D142*E142,2) -> 0 | G142: non-state
F143: =ROUND(+B143*D143*E143,2) -> 0 | G143: non-state
F144: =ROUND(+B144*D144*E144,2) -> 0 | G144: non-state
F145: =ROUND(+B145*D145*E145,2) -> 0 | G145: non-state
F146: =ROUND(+B146*D146*E146,2) -> 0 | G146: non-state
F147: =ROUND(+B147*D147*E147,2) -> 0 | G147: non-state
F148: =ROUND(+B148*D148*E148,2) -> 0 | G148: non-state
F149: =ROUND(+B149*D149*E149,2) -> 0 | G149: non-state
F150: =ROUND(+B150*D150*E150,2) -> 0 | G150: non-state
F151: =ROUND(+B151*D151*E151,2) -> 0 | G151: non-state
F152: =ROUND(+B152*D152*E152,2) -> 0 | G152: non-state
... F266: =ROUND(+B266*D266*E266,2) -> 0 | G266: non-state
A267: description | B267: 3 | C267: month | D267: 305738.05 | E267: 7 | F267: =ROUND(+B267*D267*E267,2) -> 6420499.2 | G267: non-state
E268: NON-State Total | F268: =ROUND(SUBTOTAL(109,F137:F267),2) -> 18630116 | G268: non-state | I268: If you need additional rows, there are rows you can unhide
G269: keep
C270: ="Total "&B2 -> Total GRANT EXCLUSIVE LINE ITEM | F270: =+F268+F136 -> 32140849 | G270: keep | I270: This rows adds State & Non-State Totals
G271: keep
A272: =B2&" Narrative (State):" -> GRANT EXCLUSIVE LINE ITEM Narrative (State): | G272: state | I272: Give a brief description of items that you are claiming
A273: apfosedipfoawei[opfd | G273: state | I273: To add information on a new line, hold the Alt key and hit Enter. To change the row height, right click on the row number off to the left of the spreadsheet, then click on Row Height
G274: non-state
A275: =B2&" Narrative (Non-State) i.e. Match or Other Funding" -> GRANT EXCLUSIVE LINE ITEM Narrative (Non-State) i.e. Match or Other Funding | G275: non-state | I275: Give a brief description of items that you are claiming
A276: 4903qt78908erug98wge | G276: non-state | I276: To add information on a new line, hold the Alt key and hit Enter. To change the row height, right click on the row number off to the left of the spreadsheet, then click on Row Height

Sheet 15J
A1: Section C - Budget Worksheet & Narrative | F1: =+'Section A'!$B$2 -> GRANTEE | G1: Filter | I1: ENTER NEW BUDGET AMOUNT IN THIS SHEET, NOT THE MODIFICATION AMOUNT
A2: 15J. | B2: GRANT EXCLUSIVE LINE ITEM
A3: Costs directly related to the service or activity of the program that is an integral line item for budgetary purposes. To use this budgetary line item, an applicant must have Program approval. (Please cite reference per statute for unique costs directly related to the service or activity of the program). | G3: keep
G4: keep
A5: Description | B5: Quantity | C5: Basis | D5: Cost | E5: Length of time | F5: Total Cost | G5: keep | I5: Length of time=# of units of Basis
A6: Description | B6: 3 | C6: month | D6: 283175.37 | E6: 7 | F6: =ROUND(+B6*D6*E6,2) -> 5946682.9 | G6: state
A7: Description1 | B7: 3 | C7: month | D7: 198551.37 | E7: 7 | F7: =ROUND(+B7*D7*E7,2) -> 4169578.8 | G7: state
A8: Description2 | B8: 3 | C8: month | D8: 314090.4 | E8: 7 | F8: =ROUND(+B8*D8*E8,2) -> 6595898.3 | G8: state
F9: =ROUND(+B9*D9*E9,2) -> 0 | G9: state
F10: =ROUND(+B10*D10*E10,2) -> 0 | G10: state
F11: =ROUND(+B11*D11*E11,2) -> 0 | G11: state
F12: =ROUND(+B12*D12*E12,2) -> 0 | G12: state
F13: =ROUND(+B13*D13*E13,2) -> 0 | G13: state
F14: =ROUND(+B14*D14*E14,2) -> 0 | G14: state
F15: =ROUND(+B15*D15*E15,2) -> 0 | G15: state
F16: =ROUND(+B16*D16*E16,2) -> 0 | G16: state
F17: =ROUND(+B17*D17*E17,2) -> 0 | G17: state
F18: =ROUND(+B18*D18*E18,2) -> 0 | G18: state
F19: =ROUND(+B19*D19*E19,2) -> 0 | G19: state
F20: =ROUND(+B20*D20*E20,2) -> 0 | G20: state
... F134: =ROUND(+B134*D134*E134,2) -> 0 | G134: state
A135: Description | B135: 3 | C135: month | D135: 130868.58 | E135: 7 | F135: =ROUND(+B135*D135*E135,2) -> 2748240.2 | G135: state
E136: State Total | F136: =ROUND(SUBTOTAL(109,F6:F135),2) -> 19460400 | G136: state | I136: If you need additional rows, there are rows you can unhide
G137: non-state
A138: description | B138: 3 | C138: month | D138: 205723.44 | E138: 7 | F138: =ROUND(+B138*D138*E138,2) -> 4320192.2 | G138: non-state
A139: Description1 | B139: 3 | C139: month | D139: 105183.97 | E139: 7 | F139: =ROUND(+B139*D139*E139,2) -> 2208863.3 | G139: non-state
A140: Description2 | B140: 3 | C140: month | D140: 170825.5 | E140: 7 | F140: =ROUND(+B140*D140*E140,2) -> 3587335.5 | G140: non-state
F141: =ROUND(+B141*D141*E141,2) -> 0 | G141: non-state
F142: =ROUND(+B142*D142*E142,2) -> 0 | G142: non-state
F143: =ROUND(+B143*D143*E143,2) -> 0 | G143: non-state
F144: =ROUND(+B144*D144*E144,2) -> 0 | G144: non-state
F145: =ROUND(+B145*D145*E145,2) -> 0 | G145: non-state
F146: =ROUND(+B146*D146*E146,2) -> 0 | G146: non-state
F147: =ROUND(+B147*D147*E147,2) -> 0 | G147: non-state
F148: =ROUND(+B148*D148*E148,2) -> 0 | G148: non-state
F149: =ROUND(+B149*D149*E149,2) -> 0 | G149: non-state
F150: =ROUND(+B150*D150*E150,2) -> 0 | G150: non-state
F151: =ROUND(+B151*D151*E151,2) -> 0 | G151: non-state
F152: =ROUND(+B152*D152*E152,2) -> 0 | G152: non-state
... F266: =ROUND(+B266*D266*E266,2) -> 0 | G266: non-state
A267: description | B267: 3 | C267: month | D267: 369334.99 | E267: 7 | F267: =ROUND(+B267*D267*E267,2) -> 7756034.8 | G267: non-state
E268: NON-State Total | F268: =ROUND(SUBTOTAL(109,F137:F267),2) -> 17872426 | G268: non-state | I268: If you need additional rows, there are rows you can unhide
G269: keep
C270: ="Total "&B2 -> Total GRANT EXCLUSIVE LINE ITEM | F270: =+F268+F136 -> 37332826 | G270: keep | I270: This rows adds State & Non-State Totals
G271: keep
A272: =B2&" Narrative (State):" -> GRANT EXCLUSIVE LINE ITEM Narrative (State): | G272: state | I272: Give a brief description of items that you are claiming
A273: apfosedipfoawei[opfd | G273: state | I273: To add information on a new line, hold the Alt key and hit Enter. To change the row height, right click on the row number off to the left of the spreadsheet, then click on Row Height
G274: non-state
A275: =B2&" Narrative (Non-State) i.e. Match or Other Funding" -> GRANT EXCLUSIVE LINE ITEM Narrative (Non-State) i.e. Match or Other Funding | G275: non-state | I275: Give a brief description of items that you are claiming
A276: 4903qt78908erug98wge | G276: non-state | I276: To add information on a new line, hold the Alt key and hit Enter. To change the row height, right click on the row number off to the left of the spreadsheet, then click on Row Height

Sheet 15K
A1: Section C - Budget Worksheet & Narrative | F1: =+'Section A'!$B$2 -> GRANTEE | G1: Filter | I1: ENTER NEW BUDGET AMOUNT IN THIS SHEET, NOT THE MODIFICATION AMOUNT
A2: 15K. | B2: GRANT EXCLUSIVE LINE ITEM
A3: Costs directly related to the service or activity of the program that is an integral line item for budgetary purposes. To use this budgetary line item, an applicant must have Program approval. (Please cite reference per statute for unique costs directly related to the service or activity of the program). | G3: keep
G4: keep
A5: Description | B5: Quantity | C5: Basis | D5: Cost | E5: Length of time | F5: Total Cost | G5: keep | I5: Length of time=# of units of Basis
A6: Description | B6: 3 | C6: month | D6: 184973.01 | E6: 7 | F6: =ROUND(+B6*D6*E6,2) -> 3884433.2 | G6: state
A7: Description1 | B7: 3 | C7: month | D7: 7417.0031 | E7: 7 | F7: =ROUND(+B7*D7*E7,2) -> 155757.06 | G7: state
A8: Description2 | B8: 3 | C8: month | D8: 293821.53 | E8: 7 | F8: =ROUND(+B8*D8*E8,2) -> 6170252.1 | G8: state
F9: =ROUND(+B9*D9*E9,2) -> 0 | G9: state
F10: =ROUND(+B10*D10*E10,2) -> 0 | G10: state
F11: =ROUND(+B11*D11*E11,2) -> 0 | G11: state
F12: =ROUND(+B12*D12*E12,2) -> 0 | G12: state
F13: =ROUND(+B13*D13*E13,2) -> 0 | G13: state
F14: =ROUND(+B14*D14*E14,2) -> 0 | G14: state
F15: =ROUND(+B15*D15*E15,2) -> 0 | G15: state
F16: =ROUND(+B16*D16*E16,2) -> 0 | G16: state
F17: =ROUND(+B17*D17*E17,2) -> 0 | G17: state
F18: =ROUND(+B18*D18*E18,2) -> 0 | G18: state
F19: =ROUND(+B19*D19*E19,2) -> 0 | G19: state
F20: =ROUND(+B20*D20*E20,2) -> 0 | G20: state
... F134: =ROUND(+B134*D134*E134,2) -> 0 | G134: state
A135: Description | B135: 3 | C135: month | D135: 318599.62 | E135: 7 | F135: =ROUND(+B135*D135*E135,2) -> 6690592.1 | G135: state
E136: State Total | F136: =ROUND(SUBTOTAL(109,F6:F135),2) -> 16901034 | G136: state | I136: If you need additional rows, there are rows you can unhide
G137: non-state
A138: description | B138: 3 | C138: month | D138: 103351.15 | E138: 7 | F138: =ROUND(+B138*D138*E138,2) -> 2170374.1 | G138: non-state
A139: Description1 | B139: 3 | C139: month | D139: 283342.21 | E139: 7 | F139: =ROUND(+B139*D139*E139,2) -> 5950186.5 | G139: non-state
A140: Description2 | B140: 3 | C140: month | D140: 14601.993 | E140: 7 | F140: =ROUND(+B140*D140*E140,2) -> 306641.85 | G140: non-state
F141: =ROUND(+B141*D141*E141,2) -> 0 | G141: non-state
F142: =ROUND(+B142*D142*E142,2) -> 0 | G142: non-state
F143: =ROUND(+B143*D143*E143,2) -> 0 | G143: non-state
F144: =ROUND(+B144*D144*E144,2) -> 0 | G144: non-state
F145: =ROUND(+B145*D145*E145,2) -> 0 | G145: non-state
F146: =ROUND(+B146*D146*E146,2) -> 0 | G146: non-state
F147: =ROUND(+B147*D147*E147,2) -> 0 | G147: non-state
F148: =ROUND(+B148*D148*E148,2) -> 0 | G148: non-state
F149: =ROUND(+B149*D149*E149,2) -> 0 | G149: non-state
F150: =ROUND(+B150*D150*E150,2) -> 0 | G150: non-state
F151: =ROUND(+B151*D151*E151,2) -> 0 | G151: non-state
F152: =ROUND(+B152*D152*E152,2) -> 0 | G152: non-state
... F266: =ROUND(+B266*D266*E266,2) -> 0 | G266: non-state
A267: description | B267: 3 | C267: month | D267: 329060.48 | E267: 7 | F267: =ROUND(+B267*D267*E267,2) -> 6910270 | G267: non-state
E268: NON-State Total | F268: =ROUND(SUBTOTAL(109,F137:F267),2) -> 15337472 | G268: non-state | I268: If you need additional rows, there are rows you can unhide
G269: keep
C270: ="Total "&B2 -> Total GRANT EXCLUSIVE LINE ITEM | F270: =+F268+F136 -> 32238507 | G270: keep | I270: This rows adds State & Non-State Totals
G271: keep
A272: =B2&" Narrative (State):" -> GRANT EXCLUSIVE LINE ITEM Narrative (State): | G272: state | I272: Give a brief description of items that you are claiming
A273: apfosedipfoawei[opfd | G273: state | I273: To add information on a new line, hold the Alt key and hit Enter. To change the row height, right click on the row number off to the left of the spreadsheet, then click on Row Height
G274: non-state
A275: =B2&" Narrative (Non-State) i.e. Match or Other Funding" -> GRANT EXCLUSIVE LINE ITEM Narrative (Non-State) i.e. Match or Other Funding | G275: non-state | I275: Give a brief description of items that you are claiming
A276: 4903qt78908erug98wge | G276: non-state | I276: To add information on a new line, hold the Alt key and hit Enter. To change the row height, right click on the row number off to the left of the spreadsheet, then click on Row Height

Sheet Indirect Costs
A1: Section C - Budget Worksheet & Narrative | D1: =+'Section A'!$B$2 -> GRANTEE | F1: ENTER NEW BUDGET AMOUNT IN THIS SHEET, NOT THE MODIFICATION AMOUNT
A2: 17). Indirect Cost (2 CFR 200.414) --Provide the most recent indirect cost rate agreement information with the itemized budget. The applicable indirect cost rate(s) negotiated by the organization with the cognizant negotiating agency must be used in computing indirect costs (F&A) for a program budget. The amount for indirect costs should be calculated by applying the current negotiated indirect cost rate(s) to the approved base(s). After the amount of indirect costs is determined for the program, a breakdown of the indirect costs should be provided in the budget worksheet and narrative below.
A3: Description | B3: Base | C3: Rate | D3: Indirect Cost
A4: PY2026 De minimis against MTDC $261,618.10 14.58% $38,136.76 | B4: 0 | D4: =ROUND(B4*C4,2) -> 0
B5: 0 | D5: =ROUND(B5*C5,2) -> 0
A6: PY2027 | B6: 0 | D6: =ROUND(B6*C6,2) -> 0
B7: 315000 | C7: 0.1458 | D7: =ROUND(B7*C7,2) -> 45927
A8: =IF(C4<15.001%,"","for Indirect rates above 15%, provide DCEO grant manager with proof of authorization to use higher rate") | C8: State Total | D8: =ROUND(SUBTOTAL(109,D4:D7),2) -> 45927 | F8: If you need additional rows, contact DCEO
A9: =IF(SUM(B4:B7)>'Section A'!F34,"Indirect base cannot exceed total direct costs","")
B10: 0 | D10: =ROUND(B10*C10,2) -> 0
B11: 0 | D11: =ROUND(B11*C11,2) -> 0
B12: 0 | D12: =ROUND(B12*C12,2) -> 0
B13: 0 | D13: =ROUND(B13*C13,2) -> 0
C14: NON-State Total | D14: =ROUND(SUBTOTAL(109,D9:D13),2) -> 0 | F14: If you need additional rows, contact DCEO
B16: Total Indirect Costs | D16: =+D14+D8 -> 45927 | F16: This rows adds State & Non-State Totals
A18: Indirect Cost Narrative (State): | F18: Give a brief description of items that you are claiming
A19: Grantee does not have a negotiated indirect cost rate with the State of IL or Federal Government. Therefore, is electing to use the di minimus indirect cost rate. Acutal rate elected: 14.58%. Base rate consists of Personnel salaries ($167,400.00) , Fringe benefits ($28,709.10), Travel expenses ($6,784.00), and Supply ($27,225.00) expenses. | F19: To add information on a new line, hold the Alt key and hit Enter. To change the row height, right click on the row number off to the left of the spreadsheet, then click on Row Height
A21: Indirect Cost Narrative (Non-State) i.e. "Match" or "Other Funding" | F21: Give a brief description of items that you are claiming
F22: To add information on a new line, hold the Alt key and hit Enter. To change the row height, right click on the row number off to the left of the spreadsheet, then click on Row Height

Sheet Cumulative
A1: Section C - Cumulative Budget Worksheet & Narrative | E1: =+'Section A'!B2 -> GRANTEE | G1: You should not need to write anything on this page
B2: Previously Approved
A3: Budget Narrative Summary--When you have completed the budget worksheet, transfer the totals for each category to the spaces below to the uniform template provided (SECTION A & B). Verify the total costs and the total project costs. Indicate the amount of State requested funds and the amount of non-State funds that will support the project.
A4: Budget Category | C4: State | D4: NON-State | E4: Total
A5: 1. Personnel | C5: =+'Section A'!D9 -> 167400 | D5: =+'Section B'!C12 -> 0 | E5: =+C5+D5 -> 167400
A6: 2. Fringe Benefits | C6: =+'Section A'!D10 -> 28709.1 | D6: =+'Section B'!C13 -> 0 | E6: =+C6+D6 -> 28709.1
A7: 3. Travel | C7: =+'Section A'!D11 -> 6784 | D7: =+'Section B'!C14 -> 0 | E7: =+C7+D7 -> 6784
A8: 4. Equipment | C8: =+'Section A'!D12 -> 0 | D8: =+'Section B'!C15 -> 0 | E8: =+C8+D8 -> 0
A9: 5. Supplies | C9: =+'Section A'!D13 -> 27225 | D9: =+'Section B'!C16 -> 0 | E9: =+C9+D9 -> 27225
A10: 6. Contractual Services | C10: =+'Section A'!D14 -> 31500 | D10: =+'Section B'!C17 -> 0 | E10: =+C10+D10 -> 31500
A11: 7. Consultant (Professional Services) | C11: =+'Section A'!D15 -> 0 | D11: =+'Section B'!C18 -> 0 | E11: =+C11+D11 -> 0
A12: 8. Construction | C12: =+'Section A'!D16 -> 0 | D12: =+'Section B'!C19 -> 0 | E12: =+C12+D12 -> 0
A13: 9. Occupancy (Rent & Utilities) | C13: =+'Section A'!D17 -> 72000 | D13: =+'Section B'!C20 -> 0 | E13: =+C13+D13 -> 72000
A14: 10. Research & Development (R&D) | C14: =+'Section A'!D18 -> 0 | D14: =+'Section B'!C21 -> 0 | E14: =+C14+D14 -> 0
A15: 11. Telecommunications | C15: =+'Section A'!D19 -> 1218 | D15: =+'Section B'!C22 -> 0 | E15: =+C15+D15 -> 1218
A16: 12. Training & Education | C16: =+'Section A'!D20 -> 4500 | D16: =+'Section B'!C23 -> 0 | E16: =+C16+D16 -> 4500
... A18: 14. Other or Misc. Costs | C18: =+'Section A'!D22 -> 169550 | D18: =+'Section B'!C25 -> 0 | E18: =+C18+D18 -> 169550
A19: ='15A'!$A$2&'15A'!$B$2 -> 15A.GRANT EXCLUSIVE LINE ITEM | C19: =+'Section A'!$D23 -> 0 | D19: =+'Section B'!$C26 -> 0 | E19: =+C19+D19 -> 0
A20: =+'15B'!$A$2&'15B'!$B$2 -> 15B.GRANT EXCLUSIVE LINE ITEM | C20: =+'Section A'!$D24 -> 0 | D20: =+'Section B'!$C27 -> 0 | E20: =+C20+D20 -> 0
A21: =+'15C'!$A$2&'15C'!$B$2 -> 15C.GRANT EXCLUSIVE LINE ITEM | C21: =+'Section A'!$D25 -> 0 | D21: =+'Section B'!$C28 -> 0 | E21: =+C21+D21 -> 0
A22: ='15D'!$A$2&'15D'!$B$2 -> 15D.GRANT EXCLUSIVE LINE ITEM | C22: =+'Section A'!$D26 -> 0 | D22: =+'Section B'!$C29 -> 0 | E22: =+C22+D22 -> 0
A23: ='15E'!$A$2&'15E'!$B$2 -> 15E.GRANT EXCLUSIVE LINE ITEM | C23: =+'Section A'!$D27 -> 0 | D23: =+'Section B'!$C30 -> 0 | E23: =+C23+D23 -> 0
A24: ='15F'!$A$2&'15F'!$B$2 -> 15F.GRANT EXCLUSIVE LINE ITEM | C24: =+'Section A'!$D28 -> 0 | D24: =+'Section B'!$C31 -> 0 | E24: =+C24+D24 -> 0
A25: ='15G'!$A$2&'15G'!$B$2 -> 15G.GRANT EXCLUSIVE LINE ITEM | C25: =+'Section A'!$D29 -> 0 | D25: =+'Section B'!$C32 -> 0 | E25: =+C25+D25 -> 0
A26: ='15H'!$A$2&'15H'!$B$2 -> 15H.GRANT EXCLUSIVE LINE ITEM | C26: =+'Section A'!$D30 -> 0 | D26: =+'Section B'!$C33 -> 0 | E26: =+C26+D26 -> 0
A27: ='15I'!$A$2&'15I'!$B$2 -> 15I.GRANT EXCLUSIVE LINE ITEM | C27: =+'Section A'!$D31 -> 0 | D27: =+'Section B'!$C34 -> 0 | E27: =+C27+D27 -> 0
A28: ='15J'!$A$2&'15J'!$B$2 -> 15J.GRANT EXCLUSIVE LINE ITEM | C28: =+'Section A'!$D32 -> 0 | D28: =+'Section B'!$C35 -> 0 | E28: =+C28+D28 -> 0
A29: ='15K'!$A$2&'15K'!$B$2 -> 15K.GRANT EXCLUSIVE LINE ITEM | C29: =+'Section A'!$D33 -> 0 | D29: =+'Section B'!$C36 -> 0 | E29: =+C29+D29 -> 0
A30: 17. Indirect Costs | C30: =+'Section A'!D35 -> 38136.76 | D30: =+'Section B'!C38 -> 0 | E30: =+C30+D30 -> 38136.76
A32: State Request | C32: =SUBTOTAL(109,C5:C31) -> 547022.86 | G32: =IF(SUBTOTAL(103,C5:C29)-SUBTOTAL(103,'Section A'!A$9:A$33)>-0.004,IF(SUBTOTAL(103,C5:C29)-SUBTOTAL(103,'Section A'!A$9:A$33)<0.004," ","inconsistent in number of budget categories compared to Section A"),"inconsistent in number of budget categories compared to Section A") -> inconsistent in number of budget categories compared to Section A
A33: Non-State Amount | D33: =SUBTOTAL(109,D5:D31) -> 0 | G33: =IF(SUBTOTAL(103,D5:D29)-SUBTOTAL(103,'Section B'!A$12:A$36)>-0.004,IF(SUBTOTAL(103,D5:D29)-SUBTOTAL(103,'Section B'!A$12:A$36)<0.004," ","inconsistent in number of budget categories compared to Section B"),"inconsistent in number of budget categories compared to Section B")
A34: TOTAL PROJECT COSTS | E34: =SUBTOTAL(109,E5:E30) -> 547022.86
C35: =IF($C32-'Section A'!$D38<0.004, IF(C32-'Section A'!D38>-0.004," ","out of balance with Section A by " & $C32-'Section A'!$D38),"out of balance with Section A by " & $C32-'Section A'!$D38)
C36: =IF($D33-'Section B'!$C40>-0.004, IF(D33-'Section B'!C40<0.004," ","out of balance with Section B by "&$D33-'Section B'!$C40),"out of balance with Section B by "&$D33-'Section B'!$C40)
C37: =IF($E34-$D33-$C32<0.004,IF(E34-D33-C32>-0.004," ","out of balance by "&$E34-$D33-$C32),"out of balance by "&$E34-$D33-$C32)
B38: Modification
A39: Budget Category | C39: State | D39: NON-State | E39: Total
A40: 1. Personnel | C40: =C75-C5 -> 0 | D40: =D75-D5 -> 0 | E40: =SUM(C40:D40) -> 0
A41: 2. Fringe Benefits | C41: =C76-C6 -> 0 | D41: =D76-D6 -> 0 | E41: =SUM(C41:D41) -> 0
A42: 3. Travel | C42: =C77-C7 -> 0 | D42: =D77-D7 -> 0 | E42: =SUM(C42:D42) -> 0
A43: 4. Equipment | C43: =C78-C8 -> 0 | D43: =D78-D8 -> 0 | E43: =SUM(C43:D43) -> 0
A44: 5. Supplies | C44: =C79-C9 -> 0 | D44: =D79-D9 -> 0 | E44: =SUM(C44:D44) -> 0
A45: 6. Contractual Services | C45: =C80-C10 -> 3000 | D45: =D80-D10 -> 0 | E45: =SUM(C45:D45) -> 3000
A46: 7. Consultant (Professional Services) | C46: =C81-C11 -> 0 | D46: =D81-D11 -> 0 | E46: =SUM(C46:D46) -> 0
A47: 8. Construction | C47: =C82-C12 -> 0 | D47: =D82-D12 -> 0 | E47: =SUM(C47:D47) -> 0
A48: 9. Occupancy (Rent & Utilities) | C48: =C83-C13 -> 0 | D48: =D83-D13 -> 0 | E48: =SUM(C48:D48) -> 0
A49: 10. Research & Development (R&D) | C49: =C84-C14 -> 0 | D49: =D84-D14 -> 0 | E49: =SUM(C49:D49) -> 0
A50: 11. Telecommunications | C50: =C85-C15 -> 0 | D50: =D85-D15 -> 0 | E50: =SUM(C50:D50) -> 0
A51: 12. Training & Education | C51: =C86-C16 -> 1500 | D51: =D86-D16 -> 0 | E51: =SUM(C51:D51) -> 1500
... A53: 14. Other or Misc. Costs | C53: =C88-C18 -> 0 | D53: =D88-D18 -> 0 | E53: =SUM(C53:D53) -> 0
A54: ='15A'!$A$2&'15A'!$B$2 -> 15A.GRANT EXCLUSIVE LINE ITEM | E54: =SUM(C54:D54) -> 0
A55: =+'15B'!$A$2&'15B'!$B$2 -> 15B.GRANT EXCLUSIVE LINE ITEM | E55: =SUM(C55:D55) -> 0
A56: =+'15C'!$A$2&'15C'!$B$2 -> 15C.GRANT EXCLUSIVE LINE ITEM | E56: =SUM(C56:D56) -> 0
A57: ='15D'!$A$2&'15D'!$B$2 -> 15D.GRANT EXCLUSIVE LINE ITEM | E57: =SUM(C57:D57) -> 0
A58: ='15E'!$A$2&'15E'!$B$2 -> 15E.GRANT EXCLUSIVE LINE ITEM | E58: =SUM(C58:D58) -> 0
A59: ='15F'!$A$2&'15F'!$B$2 -> 15F.GRANT EXCLUSIVE LINE ITEM | E59: =SUM(C59:D59) -> 0
A60: ='15G'!$A$2&'15G'!$B$2 -> 15G.GRANT EXCLUSIVE LINE ITEM | E60: =SUM(C60:D60) -> 0
A61: ='15H'!$A$2&'15H'!$B$2 -> 15H.GRANT EXCLUSIVE LINE ITEM | E61: =SUM(C61:D61) -> 0
A62: ='15I'!$A$2&'15I'!$B$2 -> 15I.GRANT EXCLUSIVE LINE ITEM | E62: =SUM(C62:D62) -> 0
A63: ='15J'!$A$2&'15J'!$B$2 -> 15J.GRANT EXCLUSIVE LINE ITEM | E63: =SUM(C63:D63) -> 0
A64: ='15K'!$A$2&'15K'!$B$2 -> 15K.GRANT EXCLUSIVE LINE ITEM | E64: =SUM(C64:D64) -> 0
A65: 17. Indirect Costs | C65: =C100-C30 -> 7790.24 | D65: =D100-D30 -> 0 | E65: =SUM(C65:D65) -> 7790.24
A67: State Request | C67: =SUBTOTAL(109,C40:C66) -> 12290.24 | G67: =IF(SUBTOTAL(103,C40:C64)-SUBTOTAL(103,'Section A'!A$9:A$33)>-0.004,IF(SUBTOTAL(103,C40:C64)-SUBTOTAL(103,'Section A'!A$9:A$33)<0.004," ","inconsistent in number of budget categories compared to Section A"),"inconsistent in number of budget categories compared to Section A")
A68: Non-State Amount | D68: =SUBTOTAL(109,D40:D67) -> 0 | G68: =IF(SUBTOTAL(103,D40:D64)-SUBTOTAL(103,'Section B'!A$12:A$36)>-0.004,IF(SUBTOTAL(103,D40:D64)-SUBTOTAL(103,'Section B'!A$12:A$36)<0.004," ","inconsistent in number of budget categories compared to Section B"),"inconsistent in number of budget categories compared to Section B") -> inconsistent in number of budget categories compared to Section B
A69: TOTAL PROJECT COSTS | E69: =SUBTOTAL(109,E40:E68) -> 12290.24
C70: =IF($C67-'Section A'!$E38<0.004,IF(C67-'Section A'!E38>-0.004," ","out of balance with Section A by "&$C67-'Section A'!$E38),"out of balance with Section A by "&$C67-'Section A'!$E38)
C71: =IF($D68-'Section B'!$D40<0.004,IF(D68-'Section B'!D40>-0.004," ","out of balance with Section B by "&$D68-'Section B'!$D40),"out of balance with Section B by "&$D68-'Section B'!$D40)
C72: =IF($E69-$D68-$C67<0.004, IF(E69-D68-C67>-0.004," ","out of balance by " & $E69-$D68-$C67),"out of balance by " & $E69-$D68-$C67)
B73: Cumulative
A74: Budget Category | C74: State | D74: NON-State | E74: Total
A75: 1. Personnel | C75: =Personnel!G136 -> 167400 | D75: =Personnel!G268 -> 0 | E75: =SUM(C75:D75) -> 167400
A76: 2. Fringe Benefits | C76: ='Fringe Benefits'!E135 -> 28709.1 | D76: ='Fringe Benefits'!E267 -> 0 | E76: =SUM(C76:D76) -> 28709.1
A77: 3. Travel | C77: =Travel!G135 -> 6784 | D77: =Travel!G267 -> 0 | E77: =SUM(C77:D77) -> 6784
A78: 4. Equipment | C78: =Equipment!D135 -> 0 | D78: =Equipment!D267 -> 0 | E78: =SUM(C78:D78) -> 0
A79: 5. Supplies | C79: =Supplies!D134 -> 27225 | D79: =Supplies!D266 -> 0 | E79: =SUM(C79:D79) -> 27225
A80: 6. Contractual Services | C80: ='Contractual Services'!C137 -> 34500 | D80: ='Contractual Services'!C269 -> 0 | E80: =SUM(C80:D80) -> 34500
A81: 7. Consultant (Professional Services) | C81: =Consultant!G134+Consultant!G407 -> 0 | D81: =Consultant!G266+Consultant!G539 -> 0 | E81: =SUM(C81:D81) -> 0
A82: 8. Construction | C82: =Construction!C134 -> 0 | D82: =Construction!C266 -> 0 | E82: =SUM(C82:D82) -> 0
A83: 9. Occupancy (Rent & Utilities) | C83: =Occupancy!F135 -> 72000 | D83: =Occupancy!F267 -> 0 | E83: =SUM(C83:D83) -> 72000
A84: 10. Research & Development (R&D) | C84: ='R & D'!C134 -> 0 | D84: ='R & D'!C266 -> 0 | E84: =SUM(C84:D84) -> 0
A85: 11. Telecommunications | C85: =Telecommunications!F135 -> 1218 | D85: =Telecommunications!F267 -> 0 | E85: =SUM(C85:D85) -> 1218
A86: 12. Training & Education | C86: ='Training & Education'!F135 -> 6000 | D86: ='Training & Education'!F267 -> 0 | E86: =SUM(C86:D86) -> 6000
A87: 13. Direct Administrative Costs | C87: ='Direct Administrative'!G135 -> 0 | D87: ='Direct Administrative'!G267 -> 0 | E87: =SUM(C87:D87) -> 0
A88: 14. Other or Misc. Costs | C88: ='Miscellaneous (other) Costs'!F135 -> 169550 | D88: ='Miscellaneous (other) Costs'!F267 -> 0 | E88: =SUM(C88:D88) -> 169550
A89: ='15A'!$A$2&'15A'!$B$2 -> 15A.GRANT EXCLUSIVE LINE ITEM | E89: =SUM(C89:D89) -> 0
A90: =+'15B'!$A$2&'15B'!$B$2 -> 15B.GRANT EXCLUSIVE LINE ITEM | E90: =SUM(C90:D90) -> 0
A91: =+'15C'!$A$2&'15C'!$B$2 -> 15C.GRANT EXCLUSIVE LINE ITEM | E91: =SUM(C91:D91) -> 0
A92: ='15D'!$A$2&'15D'!$B$2 -> 15D.GRANT EXCLUSIVE LINE ITEM | E92: =SUM(C92:D92) -> 0
A93: ='15E'!$A$2&'15E'!$B$2 -> 15E.GRANT EXCLUSIVE LINE ITEM | E93: =SUM(C93:D93) -> 0
A94: ='15F'!$A$2&'15F'!$B$2 -> 15F.GRANT EXCLUSIVE LINE ITEM | E94: =SUM(C94:D94) -> 0
A95: ='15G'!$A$2&'15G'!$B$2 -> 15G.GRANT EXCLUSIVE LINE ITEM | E95: =SUM(C95:D95) -> 0
A96: ='15H'!$A$2&'15H'!$B$2 -> 15H.GRANT EXCLUSIVE LINE ITEM | E96: =SUM(C96:D96) -> 0
A97: ='15I'!$A$2&'15I'!$B$2 -> 15I.GRANT EXCLUSIVE LINE ITEM | E97: =SUM(C97:D97) -> 0
A98: ='15J'!$A$2&'15J'!$B$2 -> 15J.GRANT EXCLUSIVE LINE ITEM | E98: =SUM(C98:D98) -> 0
A99: ='15K'!$A$2&'15K'!$B$2 -> 15K.GRANT EXCLUSIVE LINE ITEM | E99: =SUM(C99:D99) -> 0
A100: 17. Indirect Costs | C100: ='Indirect Costs'!D8 -> 45927 | D100: ='Indirect Costs'!D14 -> 0 | E100: =SUM(C100:D100) -> 45927
A102: State Request | C102: =SUBTOTAL(109,C75:C101) -> 559313.1 | G102: =IF(SUBTOTAL(103,C75:C99)-SUBTOTAL(103,'Section A'!A$9:A$33)>-0.004,IF(SUBTOTAL(103,C75:C99)-SUBTOTAL(103,'Section A'!A$9:A$33)<0.004," ","inconsistent in number of budget categories compared to Section A"),"inconsistent in number of budget categories compared to Section A")
A103: Non-State Amount | D103: =SUBTOTAL(109,D75:D102) -> 0 | G103: =IF(SUBTOTAL(103,D75:D99)-SUBTOTAL(103,'Section B'!A$12:A$36)>-0.004,IF(SUBTOTAL(103,D75:D99)-SUBTOTAL(103,'Section B'!A$12:A$36)<0.004," ","inconsistent in number of budget categories compared to Section B"),"inconsistent in number of budget categories compared to Section B") -> inconsistent in number of budget categories compared to Section B
A104: TOTAL PROJECT COSTS | E104: =SUBTOTAL(109,E75:E103) -> 559313.1
C105: =IF($C102-$C67-$C32<0.004,IF(C102-C67-C32>-0.004," ","out of balance by "&$C102-$C67-$C32),"out of balance by "&$C102-$C67-$C32) | D105: =IF($D103-$D68-$D33<0.004,IF(D103-D68-D33>-0.004," ","out of balance by " & $D103-$D68-$D33),"out of balance by " & $D103-$D68-$D33) | E105: =IF($E104-$E69-$E34<0.004,IF(E104-E69-E34>-0.004," ","out of balance by "&$E104-$E69-$E34),"out of balance by "&$E104-$E69-$E34)
...

Sheet Agency Approval
A1: Agency Approval | D1: STATE OF ILLINOIS UNIFORM GRANT BUDGET TEMPLATE | G1: AGENCY: Commerce & Economic Opportunity | J1: Grantees should not need to type anything on this sheet
A2: =+'Certification '!A2:C2 -> Organization Name: GRANTEE | D2: =+'Certification '!D2:F2 -> CSFA Description: Illinois Works Pre-Apprenticeship Program | G2: =+'Certification '!G2:I2 -> NOFO #
A3: =+'Certification '!A3:C3 -> CSFA #: 420-30-2614 | D3: =+'Certification '!D3:F3 -> UEI # | G3: =+'Certification '!G3:I3 -> Fiscal Year(s): 2027
A4: Grant Number | B4: =+'Section A'!F4 -> 0
A9: Final Budget Amount Approved | D9: Program Approval Signature | F9: Date | G9: Fiscal & Administrative Approval Signature | I9: Date
A10: =+Cumulative!C32 -> 547022.86 | J10: =IF(A10-'Section A'!D$38>-0.004,IF(A10-'Section A'!D$38<0.004," ","out of balance with Section A by "&A10-'Section A'!D$38),"out of balance with Section A by "&A10-'Section A'!D$38)
A16: Budget Revision Approved | D16: Program Approval Signature | F16: Date | G16: Fiscal & Administrative Approval Signature | I16: Date
A17: =+Cumulative!C102 -> 559313.1 | J17: =IF(A17-'Section A'!F$38>-0.004,IF(A17-'Section A'!F$38<0.004," ","out of balance with Section A by "&A17-'Section A'!F$38),"out of balance with Section A by "&A17-'Section A'!F$38)
A22: §200.308 Revision of budget and program plans
A24: (e) The Federal/State awarding agency may, at its option, restrict the transfer of funds among direct cost categories or programs, functions and activities for Federal/State awards in which the Federal/State share of the project exceeds the Simplified Acquisition Threshold and the cumulative amount of such transfers exceeds or is expected to exceed 10 percent or $1,000 per detail line item, whichever is greater of the total budget as last approved by the Federal/State awarding agency. The Federal/State awarding agency cannot permit a transfer that would cause any Federal/State appropriation to be used for purposes other than those consistent with the appropriation.

Sheet Categories
C1: Budget Category
A2: TRUE | C2: 1. Personnel
A3: TRUE | C3: 2. Fringe Benefits
A4: TRUE | C4: 3. Travel
A5: TRUE | C5: 4. Equipment
A6: TRUE | C6: 5. Supplies
A7: TRUE | C7: 6. Contractual Services
A8: TRUE | C8: 7. Consultant (Professional Services)
A9: FALSE | C9: 8. Construction
A21: TRUE | C21: 9. Occupancy (Rent & Utilities)
A22: FALSE | C22: 10. Research & Development (R&D)
A23: TRUE | C23: 11. Telecommunications
A24: TRUE | C24: 12. Training & Education
... A26: TRUE | C26: 14. Other or Misc. Costs
A27: FALSE | C27: ='15A'!$A$2 &'15A'!$B$2 -> 15A.GRANT EXCLUSIVE LINE ITEM
A28: FALSE | C28: ='15B'!$A$2 &'15B'!$B$2 -> 15B.GRANT EXCLUSIVE LINE ITEM
A29: FALSE | C29: ='15C'!$A$2 &'15C'!$B$2 -> 15C.GRANT EXCLUSIVE LINE ITEM
A30: FALSE | C30: ='15D'!$A$2 &'15D'!$B$2 -> 15D.GRANT EXCLUSIVE LINE ITEM
A31: FALSE | C31: ='15E'!$A$2 &'15E'!$B$2 -> 15E.GRANT EXCLUSIVE LINE ITEM
A32: FALSE | C32: ='15F'!$A$2 &'15F'!$B$2 -> 15F.GRANT EXCLUSIVE LINE ITEM
A33: FALSE | C33: ='15G'!$A$2 &'15G'!$B$2 -> 15G.GRANT EXCLUSIVE LINE ITEM
A34: FALSE | C34: ='15H'!$A$2 &'15H'!$B$2 -> 15H.GRANT EXCLUSIVE LINE ITEM
A35: FALSE | C35: ='15I'!$A$2 &'15I'!$B$2 -> 15I.GRANT EXCLUSIVE LINE ITEM
A36: FALSE | C36: ='15J'!$A$2 &'15J'!$B$2 -> 15J.GRANT EXCLUSIVE LINE ITEM
A37: FALSE | C37: ='15K'!$A$2 &'15K'!$B$2 -> 15K.GRANT EXCLUSIVE LINE ITEM
A38: TRUE | C38: 17. Indirect Costs
